Workbook

Sheet --- BUDGET ---
A1: JANUARY | D1: FEBRUARY | G1: MARCH | J1: APRIL | M1: MAY | P1: JUNE | S1: JULY | V1: AUGUST | Y1: SEPTEMBER | AB1: OCTOBER | AE1: NOVEMBER | AH1: DECEMBER | AK1: FY 2025
A2: Monthly Income | D2: Monthly Income | G2: Monthly Income | J2: Monthly Income | M2: Monthly Income | P2: Monthly Income | S2: Monthly Income | V2: Monthly Income | Y2: Monthly Income | AB2: Monthly Income | AE2: Monthly Income | AH2: Monthly Income | AK2: Annual Income
A3: Source | B3: Projected | C3: Actual | D3: Source | E3: Projected | F3: Actual | G3: Source | H3: Projected | I3: Actual | J3: Source | K3: Projected | L3: Actual | M3: Source | N3: Projected | O3: Actual | P3: Source | Q3: Projected | R3: Actual | S3: Source | T3: Projected | U3: Actual | V3: Source | W3: Projected | X3: Actual | Y3: Source | Z3: Projected | AA3: Actual | AB3: Source | AC3: Projected | AD3: Actual | AE3: Source | AF3: Projected | AG3: Actual | AH3: Source | AI3: Projected | AJ3: Actual | AK3: Source | AL3: Projected | AM3: Actual
A4: Income 1 | B4: 0 | C4: 0 | D4: Income 1 | E4: 0 | F4: 0 | G4: Income 1 | H4: 0 | I4: 0 | J4: Income 1 | K4: 0 | L4: 0 | M4: Income 1 | N4: 0 | O4: 0 | P4: Income 1 | Q4: 0 | R4: 0 | S4: Income 1 | T4: 0 | U4: 0 | V4: Income 1 | W4: 0 | X4: 0 | Y4: Income 1 | Z4: 0 | AA4: 0 | AB4: Income 1 | AC4: 0 | AD4: 0 | AE4: Income 1 | AF4: 0 | AG4: 0 | AH4: Income 1 | AI4: 0 | AJ4: 0 | AK4: Income 1 | AL4: =SUM(B4,E4,H4,K4,N4,Q4,T4,W4,Z4,AC4,AF4,AI4) -> 0 | AM4: =SUM(C4,F4,I4,L4,O4,R4,U4,X4,AA4,AD4,AG4,AJ4) -> 0
A5: Income 2 | B5: 0 | C5: 0 | D5: Income 2 | E5: 0 | F5: 0 | G5: Income 2 | H5: 0 | I5: 0 | J5: Income 2 | K5: 0 | L5: 0 | M5: Income 2 | N5: 0 | O5: 0 | P5: Income 2 | Q5: 0 | R5: 0 | S5: Income 2 | T5: 0 | U5: 0 | V5: Income 2 | W5: 0 | X5: 0 | Y5: Income 2 | Z5: 0 | AA5: 0 | AB5: Income 2 | AC5: 0 | AD5: 0 | AE5: Income 2 | AF5: 0 | AG5: 0 | AH5: Income 2 | AI5: 0 | AJ5: 0 | AK5: Income 2 | AL5: =SUM(B5,E5,H5,K5,N5,Q5,T5,W5,Z5,AC5,AF5,AI5) -> 0 | AM5: =SUM(C5,F5,I5,L5,O5,R5,U5,X5,AA5,AD5,AG5,AJ5) -> 0
A6: Income 3 | B6: 0 | C6: 0 | D6: Income 3 | E6: 0 | F6: 0 | G6: Income 3 | H6: 0 | I6: 0 | J6: Income 3 | K6: 0 | L6: 0 | M6: Income 3 | N6: 0 | O6: 0 | P6: Income 3 | Q6: 0 | R6: 0 | S6: Income 3 | T6: 0 | U6: 0 | V6: Income 3 | W6: 0 | X6: 0 | Y6: Income 3 | Z6: 0 | AA6: 0 | AB6: Income 3 | AC6: 0 | AD6: 0 | AE6: Income 3 | AF6: 0 | AG6: 0 | AH6: Income 3 | AI6: 0 | AJ6: 0 | AK6: Income 3 | AL6: =SUM(B6,E6,H6,K6,N6,Q6,T6,W6,Z6,AC6,AF6,AI6) -> 0 | AM6: =SUM(C6,F6,I6,L6,O6,R6,U6,X6,AA6,AD6,AG6,AJ6) -> 0
A7: Income 4 | B7: 0 | C7: 0 | D7: Income 4 | E7: 0 | F7: 0 | G7: Income 4 | H7: 0 | I7: 0 | J7: Income 4 | K7: 0 | L7: 0 | M7: Income 4 | N7: 0 | O7: 0 | P7: Income 4 | Q7: 0 | R7: 0 | S7: Income 4 | T7: 0 | U7: 0 | V7: Income 4 | W7: 0 | X7: 0 | Y7: Income 4 | Z7: 0 | AA7: 0 | AB7: Income 4 | AC7: 0 | AD7: 0 | AE7: Income 4 | AF7: 0 | AG7: 0 | AH7: Income 4 | AI7: 0 | AJ7: 0 | AK7: Income 4 | AL7: =SUM(B7,E7,H7,K7,N7,Q7,T7,W7,Z7,AC7,AF7,AI7) -> 0 | AM7: =SUM(C7,F7,I7,L7,O7,R7,U7,X7,AA7,AD7,AG7,AJ7) -> 0
A8: Banking Interest | B8: 0 | C8: 0 | D8: Banking Interest | E8: 0 | F8: 0 | G8: Banking Interest | H8: 0 | I8: 0 | J8: Banking Interest | K8: 0 | L8: 0 | M8: Banking Interest | N8: 0 | O8: 0 | P8: Banking Interest | Q8: 0 | R8: 0 | S8: Banking Interest | T8: 0 | U8: 0 | V8: Banking Interest | W8: 0 | X8: 0 | Y8: Banking Interest | Z8: 0 | AA8: 0 | AB8: Banking Interest | AC8: 0 | AD8: 0 | AE8: Banking Interest | AF8: 0 | AG8: 0 | AH8: Banking Interest | AI8: 0 | AJ8: 0 | AK8: Banking Interest | AL8: =SUM(B8,E8,H8,K8,N8,Q8,T8,W8,Z8,AC8,AF8,AI8) -> 0 | AM8: =SUM(C8,F8,I8,L8,O8,R8,U8,X8,AA8,AD8,AG8,AJ8) -> 0
A9: Credit Card Rewards | B9: 0 | C9: 0 | D9: Credit Card Rewards | E9: 0 | F9: 0 | G9: Credit Card Rewards | H9: 0 | I9: 0 | J9: Credit Card Rewards | K9: 0 | L9: 0 | M9: Credit Card Rewards | N9: 0 | O9: 0 | P9: Credit Card Rewards | Q9: 0 | R9: 0 | S9: Credit Card Rewards | T9: 0 | U9: 0 | V9: Credit Card Rewards | W9: 0 | X9: 0 | Y9: Credit Card Rewards | Z9: 0 | AA9: 0 | AB9: Credit Card Rewards | AC9: 0 | AD9: 0 | AE9: Credit Card Rewards | AF9: 0 | AG9: 0 | AH9: Credit Card Rewards | AI9: 0 | AJ9: 0 | AK9: Credit Card Rewards | AL9: =SUM(B9,E9,H9,K9,N9,Q9,T9,W9,Z9,AC9,AF9,AI9) -> 0 | AM9: =SUM(C9,F9,I9,L9,O9,R9,U9,X9,AA9,AD9,AG9,AJ9) -> 0
A10: Venmo | B10: 0 | C10: 0 | D10: Venmo | E10: 0 | F10: 0 | G10: Venmo | H10: 0 | I10: 0 | J10: Venmo | K10: 0 | L10: 0 | M10: Venmo | N10: 0 | O10: 0 | P10: Venmo | Q10: 0 | R10: 0 | S10: Venmo | T10: 0 | U10: 0 | V10: Venmo | W10: 0 | X10: 0 | Y10: Venmo | Z10: 0 | AA10: 0 | AB10: Venmo | AC10: 0 | AD10: 0 | AE10: Venmo | AF10: 0 | AG10: 0 | AH10: Venmo | AI10: 0 | AJ10: 0 | AK10: Venmo | AL10: =SUM(B10,E10,H10,K10,N10,Q10,T10,W10,Z10,AC10,AF10,AI10) -> 0 | AM10: =SUM(C10,F10,I10,L10,O10,R10,U10,X10,AA10,AD10,AG10,AJ10) -> 0
A11: Other | B11: 0 | C11: 0 | D11: Other | E11: 0 | F11: 0 | G11: Other | H11: 0 | I11: 0 | J11: Other | K11: 0 | L11: 0 | M11: Other | N11: 0 | O11: 0 | P11: Other | Q11: 0 | R11: 0 | S11: Other | T11: 0 | U11: 0 | V11: Other | W11: 0 | X11: 0 | Y11: Other | Z11: 0 | AA11: 0 | AB11: Other | AC11: 0 | AD11: 0 | AE11: Other | AF11: 0 | AG11: 0 | AH11: Other | AI11: 0 | AJ11: 0 | AK11: Other | AL11: =SUM(B11,E11,H11,K11,N11,Q11,T11,W11,Z11,AC11,AF11,AI11) -> 0 | AM11: =SUM(C11,F11,I11,L11,O11,R11,U11,X11,AA11,AD11,AG11,AJ11) -> 0
A12: Total Monthly Income: | B12: =SUM(B4:B11) -> 0 | C12: =SUM(C4:C11) -> 0 | D12: Total Monthly Income: | E12: =SUM(E4:E11) -> 0 | F12: =SUM(F4:F11) -> 0 | G12: Total Monthly Income: | H12: =SUM(H4:H11) -> 0 | I12: =SUM(I4:I11) -> 0 | J12: Total Monthly Income: | K12: =SUM(K4:K11) -> 0 | L12: =SUM(L4:L11) -> 0 | M12: Total Monthly Income: | N12: =SUM(N4:N11) -> 0 | O12: =SUM(O4:O11) -> 0 | P12: Total Monthly Income: | Q12: =SUM(Q4:Q11) -> 0 | R12: =SUM(R4:R11) -> 0 | S12: Total Monthly Income: | T12: =SUM(T4:T11) -> 0 | U12: =SUM(U4:U11) -> 0 | V12: Total Monthly Income: | W12: =SUM(W4:W11) -> 0 | X12: =SUM(X4:X11) -> 0 | Y12: Total Monthly Income: | Z12: =SUM(Z4:Z11) -> 0 | AA12: =SUM(AA4:AA11) -> 0 | AB12: Total Monthly Income: | AC12: =SUM(AC4:AC11) -> 0 | AD12: =SUM(AD4:AD11) -> 0 | AE12: Total Monthly Income: | AF12: =SUM(AF4:AF11) -> 0 | AG12: =SUM(AG4:AG11) -> 0 | AH12: Total Monthly Income: | AI12: =SUM(AI4:AI11) -> 0 | AJ12: =SUM(AJ4:AJ11) -> 0 | AK12: Total Monthly Income: | AL12: =SUM(AL4:AL11) -> 0 | AM12: =SUM(AM4:AM11) -> 0
A14: Expenses | D14: Expenses | G14: Expenses | J14: Expenses | M14: Expenses | P14: Expenses | S14: Expenses | V14: Expenses | Y14: Expenses | AB14: Expenses | AE14: Expenses | AH14: Expenses | AK14: Expenses
A15: Housing | B15: Projected | C15: Actual | D15: Housing | E15: Projected | F15: Actual | G15: Housing | H15: Projected | I15: Actual | J15: Housing | K15: Projected | L15: Actual | M15: Housing | N15: Projected | O15: Actual | P15: Housing | Q15: Projected | R15: Actual | S15: Housing | T15: Projected | U15: Actual | V15: Housing | W15: Projected | X15: Actual | Y15: Housing | Z15: Projected | AA15: Actual | AB15: Housing | AC15: Projected | AD15: Actual | AE15: Housing | AF15: Projected | AG15: Actual | AH15: Housing | AI15: Projected | AJ15: Actual | AK15: Housing | AL15: Projected | AM15: Actual
A16: Mortgage/Rent | B16: 0 | C16: 0 | D16: Mortgage/Rent | E16: 0 | F16: 0 | G16: Mortgage/Rent | H16: 0 | I16: 0 | J16: Mortgage/Rent | K16: 0 | L16: 0 | M16: Mortgage/Rent | N16: 0 | O16: 0 | P16: Mortgage/Rent | Q16: 0 | R16: 0 | S16: Mortgage/Rent | T16: 0 | U16: 0 | V16: Mortgage/Rent | W16: 0 | X16: 0 | Y16: Mortgage/Rent | Z16: 0 | AA16: 0 | AB16: Mortgage/Rent | AC16: 0 | AD16: 0 | AE16: Mortgage/Rent | AF16: 0 | AG16: 0 | AH16: Mortgage/Rent | AI16: 0 | AJ16: 0 | AK16: Mortgage/Rent | AL16: =SUM(B16,E16,H16,K16,N16,Q16,T16,W16,Z16,AC16,AF16,AI16) -> 0 | AM16: =SUM(C16,F16,I16,L16,O16,R16,U16,X16,AA16,AD16,AG16,AJ16) -> 0
A17: Property Taxes | B17: 0 | C17: 0 | D17: Property Taxes | E17: 0 | F17: 0 | G17: Property Taxes | H17: 0 | I17: 0 | J17: Property Taxes | K17: 0 | L17: 0 | M17: Property Taxes | N17: 0 | O17: 0 | P17: Property Taxes | Q17: 0 | R17: 0 | S17: Property Taxes | T17: 0 | U17: 0 | V17: Property Taxes | W17: 0 | X17: 0 | Y17: Property Taxes | Z17: 0 | AA17: 0 | AB17: Property Taxes | AC17: 0 | AD17: 0 | AE17: Property Taxes | AF17: 0 | AG17: 0 | AH17: Property Taxes | AI17: 0 | AJ17: 0 | AK17: Property Taxes | AL17: =SUM(B17,E17,H17,K17,N17,Q17,T17,W17,Z17,AC17,AF17,AI17) -> 0 | AM17: =SUM(C17,F17,I17,L17,O17,R17,U17,X17,AA17,AD17,AG17,AJ17) -> 0
A18: Homeowner/Renter Insurance | B18: 0 | C18: 0 | D18: Homeowner/Renter Insurance | E18: 0 | F18: 0 | G18: Homeowner/Renter Insurance | H18: 0 | I18: 0 | J18: Homeowner/Renter Insurance | K18: 0 | L18: 0 | M18: Homeowner/Renter Insurance | N18: 0 | O18: 0 | P18: Homeowner/Renter Insurance | Q18: 0 | R18: 0 | S18: Homeowner/Renter Insurance | T18: 0 | U18: 0 | V18: Homeowner/Renter Insurance | W18: 0 | X18: 0 | Y18: Homeowner/Renter Insurance | Z18: 0 | AA18: 0 | AB18: Homeowner/Renter Insurance | AC18: 0 | AD18: 0 | AE18: Homeowner/Renter Insurance | AF18: 0 | AG18: 0 | AH18: Homeowner/Renter Insurance | AI18: 0 | AJ18: 0 | AK18: Homeowner/Renter Insurance | AL18: =SUM(B18,E18,H18,K18,N18,Q18,T18,W18,Z18,AC18,AF18,AI18) -> 0 | AM18: =SUM(C18,F18,I18,L18,O18,R18,U18,X18,AA18,AD18,AG18,AJ18) -> 0
A19: Electricity (Utility) | B19: 0 | C19: 0 | D19: Electricity (Utility) | E19: 0 | F19: 0 | G19: Electricity (Utility) | H19: 0 | I19: 0 | J19: Electricity (Utility) | K19: 0 | L19: 0 | M19: Electricity (Utility) | N19: 0 | O19: 0 | P19: Electricity (Utility) | Q19: 0 | R19: 0 | S19: Electricity (Utility) | T19: 0 | U19: 0 | V19: Electricity (Utility) | W19: 0 | X19: 0 | Y19: Electricity (Utility) | Z19: 0 | AA19: 0 | AB19: Electricity (Utility) | AC19: 0 | AD19: 0 | AE19: Electricity (Utility) | AF19: 0 | AG19: 0 | AH19: Electricity (Utility) | AI19: 0 | AJ19: 0 | AK19: Electricity (Utility) | AL19: =SUM(B19,E19,H19,K19,N19,Q19,T19,W19,Z19,AC19,AF19,AI19) -> 0 | AM19: =SUM(C19,F19,I19,L19,O19,R19,U19,X19,AA19,AD19,AG19,AJ19) -> 0
A20: Gas (Utility) | B20: 0 | C20: 0 | D20: Gas (Utility) | E20: 0 | F20: 0 | G20: Gas (Utility) | H20: 0 | I20: 0 | J20: Gas (Utility) | K20: 0 | L20: 0 | M20: Gas (Utility) | N20: 0 | O20: 0 | P20: Gas (Utility) | Q20: 0 | R20: 0 | S20: Gas (Utility) | T20: 0 | U20: 0 | V20: Gas (Utility) | W20: 0 | X20: 0 | Y20: Gas (Utility) | Z20: 0 | AA20: 0 | AB20: Gas (Utility) | AC20: 0 | AD20: 0 | AE20: Gas (Utility) | AF20: 0 | AG20: 0 | AH20: Gas (Utility) | AI20: 0 | AJ20: 0 | AK20: Gas (Utility) | AL20: =SUM(B20,E20,H20,K20,N20,Q20,T20,W20,Z20,AC20,AF20,AI20) -> 0 | AM20: =SUM(C20,F20,I20,L20,O20,R20,U20,X20,AA20,AD20,AG20,AJ20) -> 0
A21: Water (Utility) | B21: 0 | C21: 0 | D21: Water (Utility) | E21: 0 | F21: 0 | G21: Water (Utility) | H21: 0 | I21: 0 | J21: Water (Utility) | K21: 0 | L21: 0 | M21: Water (Utility) | N21: 0 | O21: 0 | P21: Water (Utility) | Q21: 0 | R21: 0 | S21: Water (Utility) | T21: 0 | U21: 0 | V21: Water (Utility) | W21: 0 | X21: 0 | Y21: Water (Utility) | Z21: 0 | AA21: 0 | AB21: Water (Utility) | AC21: 0 | AD21: 0 | AE21: Water (Utility) | AF21: 0 | AG21: 0 | AH21: Water (Utility) | AI21: 0 | AJ21: 0 | AK21: Water (Utility) | AL21: =SUM(B21,E21,H21,K21,N21,Q21,T21,W21,Z21,AC21,AF21,AI21) -> 0 | AM21: =SUM(C21,F21,I21,L21,O21,R21,U21,X21,AA21,AD21,AG21,AJ21) -> 0
A22: Internet (Including Supplies like Modem, Router, etc.) | B22: 0 | C22: 0 | D22: Internet (Including Supplies like Modem, Router, etc.) | E22: 0 | F22: 0 | G22: Internet (Including Supplies like Modem, Router, etc.) | H22: 0 | I22: 0 | J22: Internet (Including Supplies like Modem, Router, etc.) | K22: 0 | L22: 0 | M22: Internet (Including Supplies like Modem, Router, etc.) | N22: 0 | O22: 0 | P22: Internet (Including Supplies like Modem, Router, etc.) | Q22: 0 | R22: 0 | S22: Internet (Including Supplies like Modem, Router, etc.) | T22: 0 | U22: 0 | V22: Internet (Including Supplies like Modem, Router, etc.) | W22: 0 | X22: 0 | Y22: Internet (Including Supplies like Modem, Router, etc.) | Z22: 0 | AA22: 0 | AB22: Internet (Including Supplies like Modem, Router, etc.) | AC22: 0 | AD22: 0 | AE22: Internet (Including Supplies like Modem, Router, etc.) | AF22: 0 | AG22: 0 | AH22: Internet (Including Supplies like Modem, Router, etc.) | AI22: 0 | AJ22: 0 | AK22: Internet (Including Supplies like Modem, Router, etc.) | AL22: =SUM(B22,E22,H22,K22,N22,Q22,T22,W22,Z22,AC22,AF22,AI22) -> 0 | AM22: =SUM(C22,F22,I22,L22,O22,R22,U22,X22,AA22,AD22,AG22,AJ22) -> 0
A23: Cable (Including Streaming Services) | B23: 0 | C23: 0 | D23: Cable (Including Streaming Services) | E23: 0 | F23: 0 | G23: Cable (Including Streaming Services) | H23: 0 | I23: 0 | J23: Cable (Including Streaming Services) | K23: 0 | L23: 0 | M23: Cable (Including Streaming Services) | N23: 0 | O23: 0 | P23: Cable (Including Streaming Services) | Q23: 0 | R23: 0 | S23: Cable (Including Streaming Services) | T23: 0 | U23: 0 | V23: Cable (Including Streaming Services) | W23: 0 | X23: 0 | Y23: Cable (Including Streaming Services) | Z23: 0 | AA23: 0 | AB23: Cable (Including Streaming Services) | AC23: 0 | AD23: 0 | AE23: Cable (Including Streaming Services) | AF23: 0 | AG23: 0 | AH23: Cable (Including Streaming Services) | AI23: 0 | AJ23: 0 | AK23: Cable (Including Streaming Services) | AL23: =SUM(B23,E23,H23,K23,N23,Q23,T23,W23,Z23,AC23,AF23,AI23) -> 0 | AM23: =SUM(C23,F23,I23,L23,O23,R23,U23,X23,AA23,AD23,AG23,AJ23) -> 0
A24: Outdoor/Garden | B24: 0 | C24: 0 | D24: Outdoor/Garden | E24: 0 | F24: 0 | G24: Outdoor/Garden | H24: 0 | I24: 0 | J24: Outdoor/Garden | K24: 0 | L24: 0 | M24: Outdoor/Garden | N24: 0 | O24: 0 | P24: Outdoor/Garden | Q24: 0 | R24: 0 | S24: Outdoor/Garden | T24: 0 | U24: 0 | V24: Outdoor/Garden | W24: 0 | X24: 0 | Y24: Outdoor/Garden | Z24: 0 | AA24: 0 | AB24: Outdoor/Garden | AC24: 0 | AD24: 0 | AE24: Outdoor/Garden | AF24: 0 | AG24: 0 | AH24: Outdoor/Garden | AI24: 0 | AJ24: 0 | AK24: Outdoor/Garden | AL24: =SUM(B24,E24,H24,K24,N24,Q24,T24,W24,Z24,AC24,AF24,AI24) -> 0 | AM24: =SUM(C24,F24,I24,L24,O24,R24,U24,X24,AA24,AD24,AG24,AJ24) -> 0
A25: Waste Removal | B25: 0 | C25: 0 | D25: Waste Removal | E25: 0 | F25: 0 | G25: Waste Removal | H25: 0 | I25: 0 | J25: Waste Removal | K25: 0 | L25: 0 | M25: Waste Removal | N25: 0 | O25: 0 | P25: Waste Removal | Q25: 0 | R25: 0 | S25: Waste Removal | T25: 0 | U25: 0 | V25: Waste Removal | W25: 0 | X25: 0 | Y25: Waste Removal | Z25: 0 | AA25: 0 | AB25: Waste Removal | AC25: 0 | AD25: 0 | AE25: Waste Removal | AF25: 0 | AG25: 0 | AH25: Waste Removal | AI25: 0 | AJ25: 0 | AK25: Waste Removal | AL25: =SUM(B25,E25,H25,K25,N25,Q25,T25,W25,Z25,AC25,AF25,AI25) -> 0 | AM25: =SUM(C25,F25,I25,L25,O25,R25,U25,X25,AA25,AD25,AG25,AJ25) -> 0
A26: Maintenance/Repairs | B26: 0 | C26: 0 | D26: Maintenance/Repairs | E26: 0 | F26: 0 | G26: Maintenance/Repairs | H26: 0 | I26: 0 | J26: Maintenance/Repairs | K26: 0 | L26: 0 | M26: Maintenance/Repairs | N26: 0 | O26: 0 | P26: Maintenance/Repairs | Q26: 0 | R26: 0 | S26: Maintenance/Repairs | T26: 0 | U26: 0 | V26: Maintenance/Repairs | W26: 0 | X26: 0 | Y26: Maintenance/Repairs | Z26: 0 | AA26: 0 | AB26: Maintenance/Repairs | AC26: 0 | AD26: 0 | AE26: Maintenance/Repairs | AF26: 0 | AG26: 0 | AH26: Maintenance/Repairs | AI26: 0 | AJ26: 0 | AK26: Maintenance/Repairs | AL26: =SUM(B26,E26,H26,K26,N26,Q26,T26,W26,Z26,AC26,AF26,AI26) -> 0 | AM26: =SUM(C26,F26,I26,L26,O26,R26,U26,X26,AA26,AD26,AG26,AJ26) -> 0
A27: Renovations | B27: 0 | C27: 0 | D27: Renovations | E27: 0 | F27: 0 | G27: Renovations | H27: 0 | I27: 0 | J27: Renovations | K27: 0 | L27: 0 | M27: Renovations | N27: 0 | O27: 0 | P27: Renovations | Q27: 0 | R27: 0 | S27: Renovations | T27: 0 | U27: 0 | V27: Renovations | W27: 0 | X27: 0 | Y27: Renovations | Z27: 0 | AA27: 0 | AB27: Renovations | AC27: 0 | AD27: 0 | AE27: Renovations | AF27: 0 | AG27: 0 | AH27: Renovations | AI27: 0 | AJ27: 0 | AK27: Renovations | AL27: =SUM(B27,E27,H27,K27,N27,Q27,T27,W27,Z27,AC27,AF27,AI27) -> 0 | AM27: =SUM(C27,F27,I27,L27,O27,R27,U27,X27,AA27,AD27,AG27,AJ27) -> 0
... A29: Other | B29: 0 | C29: 0 | D29: Other | E29: 0 | F29: 0 | G29: Other | H29: 0 | I29: 0 | J29: Other | K29: 0 | L29: 0 | M29: Other | N29: 0 | O29: 0 | P29: Other | Q29: 0 | R29: 0 | S29: Other | T29: 0 | U29: 0 | V29: Other | W29: 0 | X29: 0 | Y29: Other | Z29: 0 | AA29: 0 | AB29: Other | AC29: 0 | AD29: 0 | AE29: Other | AF29: 0 | AG29: 0 | AH29: Other | AI29: 0 | AJ29: 0 | AK29: Other | AL29: =SUM(B29,E29,H29,K29,N29,Q29,T29,W29,Z29,AC29,AF29,AI29) -> 0 | AM29: =SUM(C29,F29,I29,L29,O29,R29,U29,X29,AA29,AD29,AG29,AJ29) -> 0
A30: Subtotals: | B30: =SUM(B16:B29) -> 0 | C30: =SUM(C16:C29) -> 0 | D30: Subtotals: | E30: =SUM(E16:E29) -> 0 | F30: =SUM(F16:F29) -> 0 | G30: Subtotals: | H30: =SUM(H16:H29) -> 0 | I30: =SUM(I16:I29) -> 0 | J30: Subtotals: | K30: =SUM(K16:K29) -> 0 | L30: =SUM(L16:L29) -> 0 | M30: Subtotals: | N30: =SUM(N16:N29) -> 0 | O30: =SUM(O16:O29) -> 0 | P30: Subtotals: | Q30: =SUM(Q16:Q29) -> 0 | R30: =SUM(R16:R29) -> 0 | S30: Subtotals: | T30: =SUM(T16:T29) -> 0 | U30: =SUM(U16:U29) -> 0 | V30: Subtotals: | W30: =SUM(W16:W29) -> 0 | X30: =SUM(X16:X29) -> 0 | Y30: Subtotals: | Z30: =SUM(Z16:Z29) -> 0 | AA30: =SUM(AA16:AA29) -> 0 | AB30: Subtotals: | AC30: =SUM(AC16:AC29) -> 0 | AD30: =SUM(AD16:AD29) -> 0 | AE30: Subtotals: | AF30: =SUM(AF16:AF29) -> 0 | AG30: =SUM(AG16:AG29) -> 0 | AH30: Subtotals: | AI30: =SUM(AI16:AI29) -> 0 | AJ30: =SUM(AJ16:AJ29) -> 0 | AK30: Subtotals: | AL30: =SUM(AL16:AL29) -> 0 | AM30: =SUM(AM16:AM29) -> 0
A31: Transportation | C31: Actual | D31: Transportation | F31: Actual | G31: Transportation | I31: Actual | J31: Transportation | L31: Actual | M31: Transportation | O31: Actual | P31: Transportation | R31: Actual | S31: Transportation | U31: Actual | V31: Transportation | X31: Actual | Y31: Transportation | AA31: Actual | AB31: Transportation | AD31: Actual | AE31: Transportation | AG31: Actual | AH31: Transportation | AJ31: Actual | AK31: Transportation | AM31: Actual
A32: Vehicle Payment 1 | B32: 0 | C32: 0 | D32: Vehicle Payment 1 | E32: 0 | F32: 0 | G32: Vehicle Payment 1 | H32: 0 | I32: 0 | J32: Vehicle Payment 1 | K32: 0 | L32: 0 | M32: Vehicle Payment 1 | N32: 0 | O32: 0 | P32: Vehicle Payment 1 | Q32: 0 | R32: 0 | S32: Vehicle Payment 1 | T32: 0 | U32: 0 | V32: Vehicle Payment 1 | W32: 0 | X32: 0 | Y32: Vehicle Payment 1 | Z32: 0 | AA32: 0 | AB32: Vehicle Payment 1 | AC32: 0 | AD32: 0 | AE32: Vehicle Payment 1 | AF32: 0 | AG32: 0 | AH32: Vehicle Payment 1 | AI32: 0 | AJ32: 0 | AK32: Vehicle Payment 1 | AL32: =SUM(B32,E32,H32,K32,N32,Q32,T32,W32,Z32,AC32,AF32,AI32) -> 0 | AM32: =SUM(C32,F32,I32,L32,O32,R32,U32,X32,AA32,AD32,AG32,AJ32) -> 0
A33: Vehicle Payment 2 | B33: 0 | C33: 0 | D33: Vehicle Payment 2 | E33: 0 | F33: 0 | G33: Vehicle Payment 2 | H33: 0 | I33: 0 | J33: Vehicle Payment 2 | K33: 0 | L33: 0 | M33: Vehicle Payment 2 | N33: 0 | O33: 0 | P33: Vehicle Payment 2 | Q33: 0 | R33: 0 | S33: Vehicle Payment 2 | T33: 0 | U33: 0 | V33: Vehicle Payment 2 | W33: 0 | X33: 0 | Y33: Vehicle Payment 2 | Z33: 0 | AA33: 0 | AB33: Vehicle Payment 2 | AC33: 0 | AD33: 0 | AE33: Vehicle Payment 2 | AF33: 0 | AG33: 0 | AH33: Vehicle Payment 2 | AI33: 0 | AJ33: 0 | AK33: Vehicle Payment 2 | AL33: =SUM(B33,E33,H33,K33,N33,Q33,T33,W33,Z33,AC33,AF33,AI33) -> 0 | AM33: =SUM(C33,F33,I33,L33,O33,R33,U33,X33,AA33,AD33,AG33,AJ33) -> 0
A34: Vehicle Payment 3 | B34: 0 | C34: 0 | D34: Vehicle Payment 3 | E34: 0 | F34: 0 | G34: Vehicle Payment 3 | H34: 0 | I34: 0 | J34: Vehicle Payment 3 | K34: 0 | L34: 0 | M34: Vehicle Payment 3 | N34: 0 | O34: 0 | P34: Vehicle Payment 3 | Q34: 0 | R34: 0 | S34: Vehicle Payment 3 | T34: 0 | U34: 0 | V34: Vehicle Payment 3 | W34: 0 | X34: 0 | Y34: Vehicle Payment 3 | Z34: 0 | AA34: 0 | AB34: Vehicle Payment 3 | AC34: 0 | AD34: 0 | AE34: Vehicle Payment 3 | AF34: 0 | AG34: 0 | AH34: Vehicle Payment 3 | AI34: 0 | AJ34: 0 | AK34: Vehicle Payment 3 | AL34: =SUM(B34,E34,H34,K34,N34,Q34,T34,W34,Z34,AC34,AF34,AI34) -> 0 | AM34: =SUM(C34,F34,I34,L34,O34,R34,U34,X34,AA34,AD34,AG34,AJ34) -> 0
A35: Other Payment (Camper, Boat, etc.) | B35: 0 | C35: 0 | D35: Other Payment (Camper, Boat, etc.) | E35: 0 | F35: 0 | G35: Other Payment (Camper, Boat, etc.) | H35: 0 | I35: 0 | J35: Other Payment (Camper, Boat, etc.) | K35: 0 | L35: 0 | M35: Other Payment (Camper, Boat, etc.) | N35: 0 | O35: 0 | P35: Other Payment (Camper, Boat, etc.) | Q35: 0 | R35: 0 | S35: Other Payment (Camper, Boat, etc.) | T35: 0 | U35: 0 | V35: Other Payment (Camper, Boat, etc.) | W35: 0 | X35: 0 | Y35: Other Payment (Camper, Boat, etc.) | Z35: 0 | AA35: 0 | AB35: Other Payment (Camper, Boat, etc.) | AC35: 0 | AD35: 0 | AE35: Other Payment (Camper, Boat, etc.) | AF35: 0 | AG35: 0 | AH35: Other Payment (Camper, Boat, etc.) | AI35: 0 | AJ35: 0 | AK35: Other Payment (Camper, Boat, etc.) | AL35: =SUM(B35,E35,H35,K35,N35,Q35,T35,W35,Z35,AC35,AF35,AI35) -> 0 | AM35: =SUM(C35,F35,I35,L35,O35,R35,U35,X35,AA35,AD35,AG35,AJ35) -> 0
A36: Insurance | B36: 0 | C36: 0 | D36: Insurance | E36: 0 | F36: 0 | G36: Insurance | H36: 0 | I36: 0 | J36: Insurance | K36: 0 | L36: 0 | M36: Insurance | N36: 0 | O36: 0 | P36: Insurance | Q36: 0 | R36: 0 | S36: Insurance | T36: 0 | U36: 0 | V36: Insurance | W36: 0 | X36: 0 | Y36: Insurance | Z36: 0 | AA36: 0 | AB36: Insurance | AC36: 0 | AD36: 0 | AE36: Insurance | AF36: 0 | AG36: 0 | AH36: Insurance | AI36: 0 | AJ36: 0 | AK36: Insurance | AL36: =SUM(B36,E36,H36,K36,N36,Q36,T36,W36,Z36,AC36,AF36,AI36) -> 0 | AM36: =SUM(C36,F36,I36,L36,O36,R36,U36,X36,AA36,AD36,AG36,AJ36) -> 0
A37: Licensing | B37: 0 | C37: 0 | D37: Licensing | E37: 0 | F37: 0 | G37: Licensing | H37: 0 | I37: 0 | J37: Licensing | K37: 0 | L37: 0 | M37: Licensing | N37: 0 | O37: 0 | P37: Licensing | Q37: 0 | R37: 0 | S37: Licensing | T37: 0 | U37: 0 | V37: Licensing | W37: 0 | X37: 0 | Y37: Licensing | Z37: 0 | AA37: 0 | AB37: Licensing | AC37: 0 | AD37: 0 | AE37: Licensing | AF37: 0 | AG37: 0 | AH37: Licensing | AI37: 0 | AJ37: 0 | AK37: Licensing | AL37: =SUM(B37,E37,H37,K37,N37,Q37,T37,W37,Z37,AC37,AF37,AI37) -> 0 | AM37: =SUM(C37,F37,I37,L37,O37,R37,U37,X37,AA37,AD37,AG37,AJ37) -> 0
A38: Fuel | B38: 0 | C38: 0 | D38: Fuel | E38: 0 | F38: 0 | G38: Fuel | H38: 0 | I38: 0 | J38: Fuel | K38: 0 | L38: 0 | M38: Fuel | N38: 0 | O38: 0 | P38: Fuel | Q38: 0 | R38: 0 | S38: Fuel | T38: 0 | U38: 0 | V38: Fuel | W38: 0 | X38: 0 | Y38: Fuel | Z38: 0 | AA38: 0 | AB38: Fuel | AC38: 0 | AD38: 0 | AE38: Fuel | AF38: 0 | AG38: 0 | AH38: Fuel | AI38: 0 | AJ38: 0 | AK38: Fuel | AL38: =SUM(B38,E38,H38,K38,N38,Q38,T38,W38,Z38,AC38,AF38,AI38) -> 0 | AM38: =SUM(C38,F38,I38,L38,O38,R38,U38,X38,AA38,AD38,AG38,AJ38) -> 0
A39: Maintenance/Oil Change | B39: 0 | C39: 0 | D39: Maintenance/Oil Change | E39: 0 | F39: 0 | G39: Maintenance/Oil Change | H39: 0 | I39: 0 | J39: Maintenance/Oil Change | K39: 0 | L39: 0 | M39: Maintenance/Oil Change | N39: 0 | O39: 0 | P39: Maintenance/Oil Change | Q39: 0 | R39: 0 | S39: Maintenance/Oil Change | T39: 0 | U39: 0 | V39: Maintenance/Oil Change | W39: 0 | X39: 0 | Y39: Maintenance/Oil Change | Z39: 0 | AA39: 0 | AB39: Maintenance/Oil Change | AC39: 0 | AD39: 0 | AE39: Maintenance/Oil Change | AF39: 0 | AG39: 0 | AH39: Maintenance/Oil Change | AI39: 0 | AJ39: 0 | AK39: Maintenance/Oil Change | AL39: =SUM(B39,E39,H39,K39,N39,Q39,T39,W39,Z39,AC39,AF39,AI39) -> 0 | AM39: =SUM(C39,F39,I39,L39,O39,R39,U39,X39,AA39,AD39,AG39,AJ39) -> 0
A40: Other | B40: 0 | C40: 0 | D40: Other | E40: 0 | F40: 0 | G40: Other | H40: 0 | I40: 0 | J40: Other | K40: 0 | L40: 0 | M40: Other | N40: 0 | O40: 0 | P40: Other | Q40: 0 | R40: 0 | S40: Other | T40: 0 | U40: 0 | V40: Other | W40: 0 | X40: 0 | Y40: Other | Z40: 0 | AA40: 0 | AB40: Other | AC40: 0 | AD40: 0 | AE40: Other | AF40: 0 | AG40: 0 | AH40: Other | AI40: 0 | AJ40: 0 | AK40: Other | AL40: =SUM(B40,E40,H40,K40,N40,Q40,T40,W40,Z40,AC40,AF40,AI40) -> 0 | AM40: =SUM(C40,F40,I40,L40,O40,R40,U40,X40,AA40,AD40,AG40,AJ40) -> 0
A41: Subtotals: | B41: =SUM(B32:B40) -> 0 | C41: =SUM(C32:C40) -> 0 | D41: Subtotals: | E41: =SUM(E32:E40) -> 0 | F41: =SUM(F32:F40) -> 0 | G41: Subtotals: | H41: =SUM(H32:H40) -> 0 | I41: =SUM(I32:I40) -> 0 | J41: Subtotals: | K41: =SUM(K32:K40) -> 0 | L41: =SUM(L32:L40) -> 0 | M41: Subtotals: | N41: =SUM(N32:N40) -> 0 | O41: =SUM(O32:O40) -> 0 | P41: Subtotals: | Q41: =SUM(Q32:Q40) -> 0 | R41: =SUM(R32:R40) -> 0 | S41: Subtotals: | T41: =SUM(T32:T40) -> 0 | U41: =SUM(U32:U40) -> 0 | V41: Subtotals: | W41: =SUM(W32:W40) -> 0 | X41: =SUM(X32:X40) -> 0 | Y41: Subtotals: | Z41: =SUM(Z32:Z40) -> 0 | AA41: =SUM(AA32:AA40) -> 0 | AB41: Subtotals: | AC41: =SUM(AC32:AC40) -> 0 | AD41: =SUM(AD32:AD40) -> 0 | AE41: Subtotals: | AF41: =SUM(AF32:AF40) -> 0 | AG41: =SUM(AG32:AG40) -> 0 | AH41: Subtotals: | AI41: =SUM(AI32:AI40) -> 0 | AJ41: =SUM(AJ32:AJ40) -> 0 | AK41: Subtotals: | AL41: =SUM(AL32:AL40) -> 0 | AM41: =SUM(AM32:AM40) -> 0
A42: Food | B42: Projected | C42: Actual | D42: Food | E42: Projected | F42: Actual | G42: Food | H42: Projected | I42: Actual | J42: Food | K42: Projected | L42: Actual | M42: Food | N42: Projected | O42: Actual | P42: Food | Q42: Projected | R42: Actual | S42: Food | T42: Projected | U42: Actual | V42: Food | W42: Projected | X42: Actual | Y42: Food | Z42: Projected | AA42: Actual | AB42: Food | AC42: Projected | AD42: Actual | AE42: Food | AF42: Projected | AG42: Actual | AH42: Food | AI42: Projected | AJ42: Actual | AK42: Food | AL42: Projected | AM42: Actual
A43: Groceries | B43: 0 | C43: 0 | D43: Groceries | E43: 0 | F43: 0 | G43: Groceries | H43: 0 | I43: 0 | J43: Groceries | K43: 0 | L43: 0 | M43: Groceries | N43: 0 | O43: 0 | P43: Groceries | Q43: 0 | R43: 0 | S43: Groceries | T43: 0 | U43: 0 | V43: Groceries | W43: 0 | X43: 0 | Y43: Groceries | Z43: 0 | AA43: 0 | AB43: Groceries | AC43: 0 | AD43: 0 | AE43: Groceries | AF43: 0 | AG43: 0 | AH43: Groceries | AI43: 0 | AJ43: 0 | AK43: Groceries | AL43: =SUM(B43,E43,H43,K43,N43,Q43,T43,W43,Z43,AC43,AF43,AI43) -> 0 | AM43: =SUM(C43,F43,I43,L43,O43,R43,U43,X43,AA43,AD43,AG43,AJ43) -> 0
A44: Dining Out | B44: 0 | C44: 0 | D44: Dining Out | E44: 0 | F44: 0 | G44: Dining Out | H44: 0 | I44: 0 | J44: Dining Out | K44: 0 | L44: 0 | M44: Dining Out | N44: 0 | O44: 0 | P44: Dining Out | Q44: 0 | R44: 0 | S44: Dining Out | T44: 0 | U44: 0 | V44: Dining Out | W44: 0 | X44: 0 | Y44: Dining Out | Z44: 0 | AA44: 0 | AB44: Dining Out | AC44: 0 | AD44: 0 | AE44: Dining Out | AF44: 0 | AG44: 0 | AH44: Dining Out | AI44: 0 | AJ44: 0 | AK44: Dining Out | AL44: =SUM(B44,E44,H44,K44,N44,Q44,T44,W44,Z44,AC44,AF44,AI44) -> 0 | AM44: =SUM(C44,F44,I44,L44,O44,R44,U44,X44,AA44,AD44,AG44,AJ44) -> 0
A45: Coffee | B45: 0 | C45: 0 | D45: Coffee | E45: 0 | F45: 0 | G45: Coffee | H45: 0 | I45: 0 | J45: Coffee | K45: 0 | L45: 0 | M45: Coffee | N45: 0 | O45: 0 | P45: Coffee | Q45: 0 | R45: 0 | S45: Coffee | T45: 0 | U45: 0 | V45: Coffee | W45: 0 | X45: 0 | Y45: Coffee | Z45: 0 | AA45: 0 | AB45: Coffee | AC45: 0 | AD45: 0 | AE45: Coffee | AF45: 0 | AG45: 0 | AH45: Coffee | AI45: 0 | AJ45: 0 | AK45: Coffee | AL45: =SUM(B45,E45,H45,K45,N45,Q45,T45,W45,Z45,AC45,AF45,AI45) -> 0 | AM45: =SUM(C45,F45,I45,L45,O45,R45,U45,X45,AA45,AD45,AG45,AJ45) -> 0
A46: Drinks | B46: 0 | C46: 0 | D46: Drinks | E46: 0 | F46: 0 | G46: Drinks | H46: 0 | I46: 0 | J46: Drinks | K46: 0 | L46: 0 | M46: Drinks | N46: 0 | O46: 0 | P46: Drinks | Q46: 0 | R46: 0 | S46: Drinks | T46: 0 | U46: 0 | V46: Drinks | W46: 0 | X46: 0 | Y46: Drinks | Z46: 0 | AA46: 0 | AB46: Drinks | AC46: 0 | AD46: 0 | AE46: Drinks | AF46: 0 | AG46: 0 | AH46: Drinks | AI46: 0 | AJ46: 0 | AK46: Drinks | AL46: =SUM(B46,E46,H46,K46,N46,Q46,T46,W46,Z46,AC46,AF46,AI46) -> 0 | AM46: =SUM(C46,F46,I46,L46,O46,R46,U46,X46,AA46,AD46,AG46,AJ46) -> 0
A47: Other | B47: 0 | C47: 0 | D47: Other | E47: 0 | F47: 0 | G47: Other | H47: 0 | I47: 0 | J47: Other | K47: 0 | L47: 0 | M47: Other | N47: 0 | O47: 0 | P47: Other | Q47: 0 | R47: 0 | S47: Other | T47: 0 | U47: 0 | V47: Other | W47: 0 | X47: 0 | Y47: Other | Z47: 0 | AA47: 0 | AB47: Other | AC47: 0 | AD47: 0 | AE47: Other | AF47: 0 | AG47: 0 | AH47: Other | AI47: 0 | AJ47: 0 | AK47: Other | AL47: =SUM(B47,E47,H47,K47,N47,Q47,T47,W47,Z47,AC47,AF47,AI47) -> 0 | AM47: =SUM(C47,F47,I47,L47,O47,R47,U47,X47,AA47,AD47,AG47,AJ47) -> 0
A48: Subtotals: | B48: =SUM(B43:B47) -> 0 | C48: =SUM(C43:C47) -> 0 | D48: Subtotals: | E48: =SUM(E43:E47) -> 0 | F48: =SUM(F43:F47) -> 0 | G48: Subtotals: | H48: =SUM(H43:H47) -> 0 | I48: =SUM(I43:I47) -> 0 | J48: Subtotals: | K48: =SUM(K43:K47) -> 0 | L48: =SUM(L43:L47) -> 0 | M48: Subtotals: | N48: =SUM(N43:N47) -> 0 | O48: =SUM(O43:O47) -> 0 | P48: Subtotals: | Q48: =SUM(Q43:Q47) -> 0 | R48: =SUM(R43:R47) -> 0 | S48: Subtotals: | T48: =SUM(T43:T47) -> 0 | U48: =SUM(U43:U47) -> 0 | V48: Subtotals: | W48: =SUM(W43:W47) -> 0 | X48: =SUM(X43:X47) -> 0 | Y48: Subtotals: | Z48: =SUM(Z43:Z47) -> 0 | AA48: =SUM(AA43:AA47) -> 0 | AB48: Subtotals: | AC48: =SUM(AC43:AC47) -> 0 | AD48: =SUM(AD43:AD47) -> 0 | AE48: Subtotals: | AF48: =SUM(AF43:AF47) -> 0 | AG48: =SUM(AG43:AG47) -> 0 | AH48: Subtotals: | AI48: =SUM(AI43:AI47) -> 0 | AJ48: =SUM(AJ43:AJ47) -> 0 | AK48: Subtotals: | AL48: =SUM(AL43:AL47) -> 0 | AM48: =SUM(AM43:AM47) -> 0
A49: Personal | B49: Projected | C49: Actual | D49: Personal | E49: Projected | F49: Actual | G49: Personal | H49: Projected | I49: Actual | J49: Personal | K49: Projected | L49: Actual | M49: Personal | N49: Projected | O49: Actual | P49: Personal | Q49: Projected | R49: Actual | S49: Personal | T49: Projected | U49: Actual | V49: Personal | W49: Projected | X49: Actual | Y49: Personal | Z49: Projected | AA49: Actual | AB49: Personal | AC49: Projected | AD49: Actual | AE49: Personal | AF49: Projected | AG49: Actual | AH49: Personal | AI49: Projected | AJ49: Actual | AK49: Personal | AL49: Projected | AM49: Actual
A50: Phone(s) | B50: 0 | C50: 0 | D50: Phone(s) | E50: 0 | F50: 0 | G50: Phone(s) | H50: 0 | I50: 0 | J50: Phone(s) | K50: 0 | L50: 0 | M50: Phone(s) | N50: 0 | O50: 0 | P50: Phone(s) | Q50: 0 | R50: 0 | S50: Phone(s) | T50: 0 | U50: 0 | V50: Phone(s) | W50: 0 | X50: 0 | Y50: Phone(s) | Z50: 0 | AA50: 0 | AB50: Phone(s) | AC50: 0 | AD50: 0 | AE50: Phone(s) | AF50: 0 | AG50: 0 | AH50: Phone(s) | AI50: 0 | AJ50: 0 | AK50: Phone(s) | AL50: =SUM(B50,E50,H50,K50,N50,Q50,T50,W50,Z50,AC50,AF50,AI50) -> 0 | AM50: =SUM(C50,F50,I50,L50,O50,R50,U50,X50,AA50,AD50,AG50,AJ50) -> 0
A51: Medical/Pharmacy | B51: 0 | C51: 0 | D51: Medical/Pharmacy | E51: 0 | F51: 0 | G51: Medical/Pharmacy | H51: 0 | I51: 0 | J51: Medical/Pharmacy | K51: 0 | L51: 0 | M51: Medical/Pharmacy | N51: 0 | O51: 0 | P51: Medical/Pharmacy | Q51: 0 | R51: 0 | S51: Medical/Pharmacy | T51: 0 | U51: 0 | V51: Medical/Pharmacy | W51: 0 | X51: 0 | Y51: Medical/Pharmacy | Z51: 0 | AA51: 0 | AB51: Medical/Pharmacy | AC51: 0 | AD51: 0 | AE51: Medical/Pharmacy | AF51: 0 | AG51: 0 | AH51: Medical/Pharmacy | AI51: 0 | AJ51: 0 | AK51: Medical/Pharmacy | AL51: =SUM(B51,E51,H51,K51,N51,Q51,T51,W51,Z51,AC51,AF51,AI51) -> 0 | AM51: =SUM(C51,F51,I51,L51,O51,R51,U51,X51,AA51,AD51,AG51,AJ51) -> 0
A52: Dental | B52: 0 | C52: 0 | D52: Dental | E52: 0 | F52: 0 | G52: Dental | H52: 0 | I52: 0 | J52: Dental | K52: 0 | L52: 0 | M52: Dental | N52: 0 | O52: 0 | P52: Dental | Q52: 0 | R52: 0 | S52: Dental | T52: 0 | U52: 0 | V52: Dental | W52: 0 | X52: 0 | Y52: Dental | Z52: 0 | AA52: 0 | AB52: Dental | AC52: 0 | AD52: 0 | AE52: Dental | AF52: 0 | AG52: 0 | AH52: Dental | AI52: 0 | AJ52: 0 | AK52: Dental | AL52: =SUM(B52,E52,H52,K52,N52,Q52,T52,W52,Z52,AC52,AF52,AI52) -> 0 | AM52: =SUM(C52,F52,I52,L52,O52,R52,U52,X52,AA52,AD52,AG52,AJ52) -> 0
A53: Education | B53: 0 | C53: 0 | D53: Education | E53: 0 | F53: 0 | G53: Education | H53: 0 | I53: 0 | J53: Education | K53: 0 | L53: 0 | M53: Education | N53: 0 | O53: 0 | P53: Education | Q53: 0 | R53: 0 | S53: Education | T53: 0 | U53: 0 | V53: Education | W53: 0 | X53: 0 | Y53: Education | Z53: 0 | AA53: 0 | AB53: Education | AC53: 0 | AD53: 0 | AE53: Education | AF53: 0 | AG53: 0 | AH53: Education | AI53: 0 | AJ53: 0 | AK53: Education | AL53: =SUM(B53,E53,H53,K53,N53,Q53,T53,W53,Z53,AC53,AF53,AI53) -> 0 | AM53: =SUM(C53,F53,I53,L53,O53,R53,U53,X53,AA53,AD53,AG53,AJ53) -> 0
A54: Vision | B54: 0 | C54: 0 | D54: Vision | E54: 0 | F54: 0 | G54: Vision | H54: 0 | I54: 0 | J54: Vision | K54: 0 | L54: 0 | M54: Vision | N54: 0 | O54: 0 | P54: Vision | Q54: 0 | R54: 0 | S54: Vision | T54: 0 | U54: 0 | V54: Vision | W54: 0 | X54: 0 | Y54: Vision | Z54: 0 | AA54: 0 | AB54: Vision | AC54: 0 | AD54: 0 | AE54: Vision | AF54: 0 | AG54: 0 | AH54: Vision | AI54: 0 | AJ54: 0 | AK54: Vision | AL54: =SUM(B54,E54,H54,K54,N54,Q54,T54,W54,Z54,AC54,AF54,AI54) -> 0 | AM54: =SUM(C54,F54,I54,L54,O54,R54,U54,X54,AA54,AD54,AG54,AJ54) -> 0
A55: Lessons | B55: 0 | C55: 0 | D55: Lessons | E55: 0 | F55: 0 | G55: Lessons | H55: 0 | I55: 0 | J55: Lessons | K55: 0 | L55: 0 | M55: Lessons | N55: 0 | O55: 0 | P55: Lessons | Q55: 0 | R55: 0 | S55: Lessons | T55: 0 | U55: 0 | V55: Lessons | W55: 0 | X55: 0 | Y55: Lessons | Z55: 0 | AA55: 0 | AB55: Lessons | AC55: 0 | AD55: 0 | AE55: Lessons | AF55: 0 | AG55: 0 | AH55: Lessons | AI55: 0 | AJ55: 0 | AK55: Lessons | AL55: =SUM(B55,E55,H55,K55,N55,Q55,T55,W55,Z55,AC55,AF55,AI55) -> 0 | AM55: =SUM(C55,F55,I55,L55,O55,R55,U55,X55,AA55,AD55,AG55,AJ55) -> 0
A56: Hair/Beauty | B56: 0 | C56: 0 | D56: Hair/Beauty | E56: 0 | F56: 0 | G56: Hair/Beauty | H56: 0 | I56: 0 | J56: Hair/Beauty | K56: 0 | L56: 0 | M56: Hair/Beauty | N56: 0 | O56: 0 | P56: Hair/Beauty | Q56: 0 | R56: 0 | S56: Hair/Beauty | T56: 0 | U56: 0 | V56: Hair/Beauty | W56: 0 | X56: 0 | Y56: Hair/Beauty | Z56: 0 | AA56: 0 | AB56: Hair/Beauty | AC56: 0 | AD56: 0 | AE56: Hair/Beauty | AF56: 0 | AG56: 0 | AH56: Hair/Beauty | AI56: 0 | AJ56: 0 | AK56: Hair/Beauty | AL56: =SUM(B56,E56,H56,K56,N56,Q56,T56,W56,Z56,AC56,AF56,AI56) -> 0 | AM56: =SUM(C56,F56,I56,L56,O56,R56,U56,X56,AA56,AD56,AG56,AJ56) -> 0
A57: Nails | B57: 0 | C57: 0 | D57: Nails | E57: 0 | F57: 0 | G57: Nails | H57: 0 | I57: 0 | J57: Nails | K57: 0 | L57: 0 | M57: Nails | N57: 0 | O57: 0 | P57: Nails | Q57: 0 | R57: 0 | S57: Nails | T57: 0 | U57: 0 | V57: Nails | W57: 0 | X57: 0 | Y57: Nails | Z57: 0 | AA57: 0 | AB57: Nails | AC57: 0 | AD57: 0 | AE57: Nails | AF57: 0 | AG57: 0 | AH57: Nails | AI57: 0 | AJ57: 0 | AK57: Nails | AL57: =SUM(B57,E57,H57,K57,N57,Q57,T57,W57,Z57,AC57,AF57,AI57) -> 0 | AM57: =SUM(C57,F57,I57,L57,O57,R57,U57,X57,AA57,AD57,AG57,AJ57) -> 0
A58: Personal Supplies | B58: 0 | C58: 0 | D58: Personal Supplies | E58: 0 | F58: 0 | G58: Personal Supplies | H58: 0 | I58: 0 | J58: Personal Supplies | K58: 0 | L58: 0 | M58: Personal Supplies | N58: 0 | O58: 0 | P58: Personal Supplies | Q58: 0 | R58: 0 | S58: Personal Supplies | T58: 0 | U58: 0 | V58: Personal Supplies | W58: 0 | X58: 0 | Y58: Personal Supplies | Z58: 0 | AA58: 0 | AB58: Personal Supplies | AC58: 0 | AD58: 0 | AE58: Personal Supplies | AF58: 0 | AG58: 0 | AH58: Personal Supplies | AI58: 0 | AJ58: 0 | AK58: Personal Supplies | AL58: =SUM(B58,E58,H58,K58,N58,Q58,T58,W58,Z58,AC58,AF58,AI58) -> 0 | AM58: =SUM(C58,F58,I58,L58,O58,R58,U58,X58,AA58,AD58,AG58,AJ58) -> 0
A59: Clothing | B59: 0 | C59: 0 | D59: Clothing | E59: 0 | F59: 0 | G59: Clothing | H59: 0 | I59: 0 | J59: Clothing | K59: 0 | L59: 0 | M59: Clothing | N59: 0 | O59: 0 | P59: Clothing | Q59: 0 | R59: 0 | S59: Clothing | T59: 0 | U59: 0 | V59: Clothing | W59: 0 | X59: 0 | Y59: Clothing | Z59: 0 | AA59: 0 | AB59: Clothing | AC59: 0 | AD59: 0 | AE59: Clothing | AF59: 0 | AG59: 0 | AH59: Clothing | AI59: 0 | AJ59: 0 | AK59: Clothing | AL59: =SUM(B59,E59,H59,K59,N59,Q59,T59,W59,Z59,AC59,AF59,AI59) -> 0 | AM59: =SUM(C59,F59,I59,L59,O59,R59,U59,X59,AA59,AD59,AG59,AJ59) -> 0
A60: Subscriptions | B60: 0 | C60: 0 | D60: Subscriptions | E60: 0 | F60: 0 | G60: Subscriptions | H60: 0 | I60: 0 | J60: Subscriptions | K60: 0 | L60: 0 | M60: Subscriptions | N60: 0 | O60: 0 | P60: Subscriptions | Q60: 0 | R60: 0 | S60: Subscriptions | T60: 0 | U60: 0 | V60: Subscriptions | W60: 0 | X60: 0 | Y60: Subscriptions | Z60: 0 | AA60: 0 | AB60: Subscriptions | AC60: 0 | AD60: 0 | AE60: Subscriptions | AF60: 0 | AG60: 0 | AH60: Subscriptions | AI60: 0 | AJ60: 0 | AK60: Subscriptions | AL60: =SUM(B60,E60,H60,K60,N60,Q60,T60,W60,Z60,AC60,AF60,AI60) -> 0 | AM60: =SUM(C60,F60,I60,L60,O60,R60,U60,X60,AA60,AD60,AG60,AJ60) -> 0
A61: Laundry/Dry Cleaning | B61: 0 | C61: 0 | D61: Laundry/Dry Cleaning | E61: 0 | F61: 0 | G61: Laundry/Dry Cleaning | H61: 0 | I61: 0 | J61: Laundry/Dry Cleaning | K61: 0 | L61: 0 | M61: Laundry/Dry Cleaning | N61: 0 | O61: 0 | P61: Laundry/Dry Cleaning | Q61: 0 | R61: 0 | S61: Laundry/Dry Cleaning | T61: 0 | U61: 0 | V61: Laundry/Dry Cleaning | W61: 0 | X61: 0 | Y61: Laundry/Dry Cleaning | Z61: 0 | AA61: 0 | AB61: Laundry/Dry Cleaning | AC61: 0 | AD61: 0 | AE61: Laundry/Dry Cleaning | AF61: 0 | AG61: 0 | AH61: Laundry/Dry Cleaning | AI61: 0 | AJ61: 0 | AK61: Laundry/Dry Cleaning | AL61: =SUM(B61,E61,H61,K61,N61,Q61,T61,W61,Z61,AC61,AF61,AI61) -> 0 | AM61: =SUM(C61,F61,I61,L61,O61,R61,U61,X61,AA61,AD61,AG61,AJ61) -> 0
... A63: Other | B63: 0 | C63: 0 | D63: Other | E63: 0 | F63: 0 | G63: Other | H63: 0 | I63: 0 | J63: Other | K63: 0 | L63: 0 | M63: Other | N63: 0 | O63: 0 | P63: Other | Q63: 0 | R63: 0 | S63: Other | T63: 0 | U63: 0 | V63: Other | W63: 0 | X63: 0 | Y63: Other | Z63: 0 | AA63: 0 | AB63: Other | AC63: 0 | AD63: 0 | AE63: Other | AF63: 0 | AG63: 0 | AH63: Other | AI63: 0 | AJ63: 0 | AK63: Other | AL63: =SUM(B63,E63,H63,K63,N63,Q63,T63,W63,Z63,AC63,AF63,AI63) -> 0 | AM63: =SUM(C63,F63,I63,L63,O63,R63,U63,X63,AA63,AD63,AG63,AJ63) -> 0
A64: Subtotals: | B64: =SUM(B50:B63) -> 0 | C64: =SUM(C50:C63) -> 0 | D64: Subtotals: | E64: =SUM(E50:E63) -> 0 | F64: =SUM(F50:F63) -> 0 | G64: Subtotals: | H64: =SUM(H50:H63) -> 0 | I64: =SUM(I50:I63) -> 0 | J64: Subtotals: | K64: =SUM(K50:K63) -> 0 | L64: =SUM(L50:L63) -> 0 | M64: Subtotals: | N64: =SUM(N50:N63) -> 0 | O64: =SUM(O50:O63) -> 0 | P64: Subtotals: | Q64: =SUM(Q50:Q63) -> 0 | R64: =SUM(R50:R63) -> 0 | S64: Subtotals: | T64: =SUM(T50:T63) -> 0 | U64: =SUM(U50:U63) -> 0 | V64: Subtotals: | W64: =SUM(W50:W63) -> 0 | X64: =SUM(X50:X63) -> 0 | Y64: Subtotals: | Z64: =SUM(Z50:Z63) -> 0 | AA64: =SUM(AA50:AA63) -> 0 | AB64: Subtotals: | AC64: =SUM(AC50:AC63) -> 0 | AD64: =SUM(AD50:AD63) -> 0 | AE64: Subtotals: | AF64: =SUM(AF50:AF63) -> 0 | AG64: =SUM(AG50:AG63) -> 0 | AH64: Subtotals: | AI64: =SUM(AI50:AI63) -> 0 | AJ64: =SUM(AJ50:AJ63) -> 0 | AK64: Subtotals: | AL64: =SUM(AL50:AL63) -> 0 | AM64: =SUM(AM50:AM63) -> 0
A65: Children | B65: Projected | C65: Actual | D65: Children | E65: Projected | F65: Actual | G65: Children | H65: Projected | I65: Actual | J65: Children | K65: Projected | L65: Actual | M65: Children | N65: Projected | O65: Actual | P65: Children | Q65: Projected | R65: Actual | S65: Children | T65: Projected | U65: Actual | V65: Children | W65: Projected | X65: Actual | Y65: Children | Z65: Projected | AA65: Actual | AB65: Children | AC65: Projected | AD65: Actual | AE65: Children | AF65: Projected | AG65: Actual | AH65: Children | AI65: Projected | AJ65: Actual | AK65: Children | AL65: Projected | AM65: Actual
A66: Medical | B66: 0 | C66: 0 | D66: Medical | E66: 0 | F66: 0 | G66: Medical | H66: 0 | I66: 0 | J66: Medical | K66: 0 | L66: 0 | M66: Medical | N66: 0 | O66: 0 | P66: Medical | Q66: 0 | R66: 0 | S66: Medical | T66: 0 | U66: 0 | V66: Medical | W66: 0 | X66: 0 | Y66: Medical | Z66: 0 | AA66: 0 | AB66: Medical | AC66: 0 | AD66: 0 | AE66: Medical | AF66: 0 | AG66: 0 | AH66: Medical | AI66: 0 | AJ66: 0 | AK66: Medical | AL66: =SUM(B66,E66,H66,K66,N66,Q66,T66,W66,Z66,AC66,AF66,AI66) -> 0 | AM66: =SUM(C66,F66,I66,L66,O66,R66,U66,X66,AA66,AD66,AG66,AJ66) -> 0
A67: Clothing | B67: 0 | C67: 0 | D67: Clothing | E67: 0 | F67: 0 | G67: Clothing | H67: 0 | I67: 0 | J67: Clothing | K67: 0 | L67: 0 | M67: Clothing | N67: 0 | O67: 0 | P67: Clothing | Q67: 0 | R67: 0 | S67: Clothing | T67: 0 | U67: 0 | V67: Clothing | W67: 0 | X67: 0 | Y67: Clothing | Z67: 0 | AA67: 0 | AB67: Clothing | AC67: 0 | AD67: 0 | AE67: Clothing | AF67: 0 | AG67: 0 | AH67: Clothing | AI67: 0 | AJ67: 0 | AK67: Clothing | AL67: =SUM(B67,E67,H67,K67,N67,Q67,T67,W67,Z67,AC67,AF67,AI67) -> 0 | AM67: =SUM(C67,F67,I67,L67,O67,R67,U67,X67,AA67,AD67,AG67,AJ67) -> 0
A68: Hair | B68: 0 | C68: 0 | D68: Hair | E68: 0 | F68: 0 | G68: Hair | H68: 0 | I68: 0 | J68: Hair | K68: 0 | L68: 0 | M68: Hair | N68: 0 | O68: 0 | P68: Hair | Q68: 0 | R68: 0 | S68: Hair | T68: 0 | U68: 0 | V68: Hair | W68: 0 | X68: 0 | Y68: Hair | Z68: 0 | AA68: 0 | AB68: Hair | AC68: 0 | AD68: 0 | AE68: Hair | AF68: 0 | AG68: 0 | AH68: Hair | AI68: 0 | AJ68: 0 | AK68: Hair | AL68: =SUM(B68,E68,H68,K68,N68,Q68,T68,W68,Z68,AC68,AF68,AI68) -> 0 | AM68: =SUM(C68,F68,I68,L68,O68,R68,U68,X68,AA68,AD68,AG68,AJ68) -> 0
A69: Diapers/Wipes/Etc. | B69: 0 | C69: 0 | D69: Diapers/Wipes/Etc. | E69: 0 | F69: 0 | G69: Diapers/Wipes/Etc. | H69: 0 | I69: 0 | J69: Diapers/Wipes/Etc. | K69: 0 | L69: 0 | M69: Diapers/Wipes/Etc. | N69: 0 | O69: 0 | P69: Diapers/Wipes/Etc. | Q69: 0 | R69: 0 | S69: Diapers/Wipes/Etc. | T69: 0 | U69: 0 | V69: Diapers/Wipes/Etc. | W69: 0 | X69: 0 | Y69: Diapers/Wipes/Etc. | Z69: 0 | AA69: 0 | AB69: Diapers/Wipes/Etc. | AC69: 0 | AD69: 0 | AE69: Diapers/Wipes/Etc. | AF69: 0 | AG69: 0 | AH69: Diapers/Wipes/Etc. | AI69: 0 | AJ69: 0 | AK69: Diapers/Wipes/Etc. | AL69: =SUM(B69,E69,H69,K69,N69,Q69,T69,W69,Z69,AC69,AF69,AI69) -> 0 | AM69: =SUM(C69,F69,I69,L69,O69,R69,U69,X69,AA69,AD69,AG69,AJ69) -> 0
A70: Allowance | B70: 0 | C70: 0 | D70: Allowance | E70: 0 | F70: 0 | G70: Allowance | H70: 0 | I70: 0 | J70: Allowance | K70: 0 | L70: 0 | M70: Allowance | N70: 0 | O70: 0 | P70: Allowance | Q70: 0 | R70: 0 | S70: Allowance | T70: 0 | U70: 0 | V70: Allowance | W70: 0 | X70: 0 | Y70: Allowance | Z70: 0 | AA70: 0 | AB70: Allowance | AC70: 0 | AD70: 0 | AE70: Allowance | AF70: 0 | AG70: 0 | AH70: Allowance | AI70: 0 | AJ70: 0 | AK70: Allowance | AL70: =SUM(B70,E70,H70,K70,N70,Q70,T70,W70,Z70,AC70,AF70,AI70) -> 0 | AM70: =SUM(C70,F70,I70,L70,O70,R70,U70,X70,AA70,AD70,AG70,AJ70) -> 0
A71: Toys | B71: 0 | C71: 0 | D71: Toys | E71: 0 | F71: 0 | G71: Toys | H71: 0 | I71: 0 | J71: Toys | K71: 0 | L71: 0 | M71: Toys | N71: 0 | O71: 0 | P71: Toys | Q71: 0 | R71: 0 | S71: Toys | T71: 0 | U71: 0 | V71: Toys | W71: 0 | X71: 0 | Y71: Toys | Z71: 0 | AA71: 0 | AB71: Toys | AC71: 0 | AD71: 0 | AE71: Toys | AF71: 0 | AG71: 0 | AH71: Toys | AI71: 0 | AJ71: 0 | AK71: Toys | AL71: =SUM(B71,E71,H71,K71,N71,Q71,T71,W71,Z71,AC71,AF71,AI71) -> 0 | AM71: =SUM(C71,F71,I71,L71,O71,R71,U71,X71,AA71,AD71,AG71,AJ71) -> 0
A72: Activities | B72: 0 | C72: 0 | D72: Activities | E72: 0 | F72: 0 | G72: Activities | H72: 0 | I72: 0 | J72: Activities | K72: 0 | L72: 0 | M72: Activities | N72: 0 | O72: 0 | P72: Activities | Q72: 0 | R72: 0 | S72: Activities | T72: 0 | U72: 0 | V72: Activities | W72: 0 | X72: 0 | Y72: Activities | Z72: 0 | AA72: 0 | AB72: Activities | AC72: 0 | AD72: 0 | AE72: Activities | AF72: 0 | AG72: 0 | AH72: Activities | AI72: 0 | AJ72: 0 | AK72: Activities | AL72: =SUM(B72,E72,H72,K72,N72,Q72,T72,W72,Z72,AC72,AF72,AI72) -> 0 | AM72: =SUM(C72,F72,I72,L72,O72,R72,U72,X72,AA72,AD72,AG72,AJ72) -> 0
A73: Childcare | B73: 0 | C73: 0 | D73: Childcare | E73: 0 | F73: 0 | G73: Childcare | H73: 0 | I73: 0 | J73: Childcare | K73: 0 | L73: 0 | M73: Childcare | N73: 0 | O73: 0 | P73: Childcare | Q73: 0 | R73: 0 | S73: Childcare | T73: 0 | U73: 0 | V73: Childcare | W73: 0 | X73: 0 | Y73: Childcare | Z73: 0 | AA73: 0 | AB73: Childcare | AC73: 0 | AD73: 0 | AE73: Childcare | AF73: 0 | AG73: 0 | AH73: Childcare | AI73: 0 | AJ73: 0 | AK73: Childcare | AL73: =SUM(B73,E73,H73,K73,N73,Q73,T73,W73,Z73,AC73,AF73,AI73) -> 0 | AM73: =SUM(C73,F73,I73,L73,O73,R73,U73,X73,AA73,AD73,AG73,AJ73) -> 0
A74: School | B74: 0 | C74: 0 | D74: School | E74: 0 | F74: 0 | G74: School | H74: 0 | I74: 0 | J74: School | K74: 0 | L74: 0 | M74: School | N74: 0 | O74: 0 | P74: School | Q74: 0 | R74: 0 | S74: School | T74: 0 | U74: 0 | V74: School | W74: 0 | X74: 0 | Y74: School | Z74: 0 | AA74: 0 | AB74: School | AC74: 0 | AD74: 0 | AE74: School | AF74: 0 | AG74: 0 | AH74: School | AI74: 0 | AJ74: 0 | AK74: School | AL74: =SUM(B74,E74,H74,K74,N74,Q74,T74,W74,Z74,AC74,AF74,AI74) -> 0 | AM74: =SUM(C74,F74,I74,L74,O74,R74,U74,X74,AA74,AD74,AG74,AJ74) -> 0
A75: Other | B75: 0 | C75: 0 | D75: Other | E75: 0 | F75: 0 | G75: Other | H75: 0 | I75: 0 | J75: Other | K75: 0 | L75: 0 | M75: Other | N75: 0 | O75: 0 | P75: Other | Q75: 0 | R75: 0 | S75: Other | T75: 0 | U75: 0 | V75: Other | W75: 0 | X75: 0 | Y75: Other | Z75: 0 | AA75: 0 | AB75: Other | AC75: 0 | AD75: 0 | AE75: Other | AF75: 0 | AG75: 0 | AH75: Other | AI75: 0 | AJ75: 0 | AK75: Other | AL75: =SUM(B75,E75,H75,K75,N75,Q75,T75,W75,Z75,AC75,AF75,AI75) -> 0 | AM75: =SUM(C75,F75,I75,L75,O75,R75,U75,X75,AA75,AD75,AG75,AJ75) -> 0
A76: Subtotals: | B76: =SUM(B66:B75) -> 0 | C76: =SUM(C66:C75) -> 0 | D76: Subtotals: | E76: =SUM(E66:E75) -> 0 | F76: =SUM(F66:F75) -> 0 | G76: Subtotals: | H76: =SUM(H66:H75) -> 0 | I76: =SUM(I66:I75) -> 0 | J76: Subtotals: | K76: =SUM(K66:K75) -> 0 | L76: =SUM(L66:L75) -> 0 | M76: Subtotals: | N76: =SUM(N66:N75) -> 0 | O76: =SUM(O66:O75) -> 0 | P76: Subtotals: | Q76: =SUM(Q66:Q75) -> 0 | R76: =SUM(R66:R75) -> 0 | S76: Subtotals: | T76: =SUM(T66:T75) -> 0 | U76: =SUM(U66:U75) -> 0 | V76: Subtotals: | W76: =SUM(W66:W75) -> 0 | X76: =SUM(X66:X75) -> 0 | Y76: Subtotals: | Z76: =SUM(Z66:Z75) -> 0 | AA76: =SUM(AA66:AA75) -> 0 | AB76: Subtotals: | AC76: =SUM(AC66:AC75) -> 0 | AD76: =SUM(AD66:AD75) -> 0 | AE76: Subtotals: | AF76: =SUM(AF66:AF75) -> 0 | AG76: =SUM(AG66:AG75) -> 0 | AH76: Subtotals: | AI76: =SUM(AI66:AI75) -> 0 | AJ76: =SUM(AJ66:AJ75) -> 0 | AK76: Subtotals: | AL76: =SUM(AL66:AL75) -> 0 | AM76: =SUM(AM66:AM75) -> 0
A77: Other | B77: Projected | C77: Actual | D77: Other | E77: Projected | F77: Actual | G77: Other | H77: Projected | I77: Actual | J77: Other | K77: Projected | L77: Actual | M77: Other | N77: Projected | O77: Actual | P77: Other | Q77: Projected | R77: Actual | S77: Other | T77: Projected | U77: Actual | V77: Other | W77: Projected | X77: Actual | Y77: Other | Z77: Projected | AA77: Actual | AB77: Other | AC77: Projected | AD77: Actual | AE77: Other | AF77: Projected | AG77: Actual | AH77: Other | AI77: Projected | AJ77: Actual | AK77: Other | AL77: Projected | AM77: Actual
A78: Travel | B78: 0 | C78: 0 | D78: Travel | E78: 0 | F78: 0 | G78: Travel | H78: 0 | I78: 0 | J78: Travel | K78: 0 | L78: 0 | M78: Travel | N78: 0 | O78: 0 | P78: Travel | Q78: 0 | R78: 0 | S78: Travel | T78: 0 | U78: 0 | V78: Travel | W78: 0 | X78: 0 | Y78: Travel | Z78: 0 | AA78: 0 | AB78: Travel | AC78: 0 | AD78: 0 | AE78: Travel | AF78: 0 | AG78: 0 | AH78: Travel | AI78: 0 | AJ78: 0 | AK78: Travel | AL78: =SUM(B78,E78,H78,K78,N78,Q78,T78,W78,Z78,AC78,AF78,AI78) -> 0 | AM78: =SUM(C78,F78,I78,L78,O78,R78,U78,X78,AA78,AD78,AG78,AJ78) -> 0
A79: Entertainment (Books, Movies, Music, etc.) | B79: 0 | C79: 0 | D79: Entertainment (Books, Movies, Music, etc.) | E79: 0 | F79: 0 | G79: Entertainment (Books, Movies, Music, etc.) | H79: 0 | I79: 0 | J79: Entertainment (Books, Movies, Music, etc.) | K79: 0 | L79: 0 | M79: Entertainment (Books, Movies, Music, etc.) | N79: 0 | O79: 0 | P79: Entertainment (Books, Movies, Music, etc.) | Q79: 0 | R79: 0 | S79: Entertainment (Books, Movies, Music, etc.) | T79: 0 | U79: 0 | V79: Entertainment (Books, Movies, Music, etc.) | W79: 0 | X79: 0 | Y79: Entertainment (Books, Movies, Music, etc.) | Z79: 0 | AA79: 0 | AB79: Entertainment (Books, Movies, Music, etc.) | AC79: 0 | AD79: 0 | AE79: Entertainment (Books, Movies, Music, etc.) | AF79: 0 | AG79: 0 | AH79: Entertainment (Books, Movies, Music, etc.) | AI79: 0 | AJ79: 0 | AK79: Entertainment (Books, Movies, Music, etc.) | AL79: =SUM(B79,E79,H79,K79,N79,Q79,T79,W79,Z79,AC79,AF79,AI79) -> 0 | AM79: =SUM(C79,F79,I79,L79,O79,R79,U79,X79,AA79,AD79,AG79,AJ79) -> 0
A80: Pets (Food, Vet., Toys) | B80: 0 | C80: 0 | D80: Pets (Food, Vet., Toys) | E80: 0 | F80: 0 | G80: Pets (Food, Vet., Toys) | H80: 0 | I80: 0 | J80: Pets (Food, Vet., Toys) | K80: 0 | L80: 0 | M80: Pets (Food, Vet., Toys) | N80: 0 | O80: 0 | P80: Pets (Food, Vet., Toys) | Q80: 0 | R80: 0 | S80: Pets (Food, Vet., Toys) | T80: 0 | U80: 0 | V80: Pets (Food, Vet., Toys) | W80: 0 | X80: 0 | Y80: Pets (Food, Vet., Toys) | Z80: 0 | AA80: 0 | AB80: Pets (Food, Vet., Toys) | AC80: 0 | AD80: 0 | AE80: Pets (Food, Vet., Toys) | AF80: 0 | AG80: 0 | AH80: Pets (Food, Vet., Toys) | AI80: 0 | AJ80: 0 | AK80: Pets (Food, Vet., Toys) | AL80: =SUM(B80,E80,H80,K80,N80,Q80,T80,W80,Z80,AC80,AF80,AI80) -> 0 | AM80: =SUM(C80,F80,I80,L80,O80,R80,U80,X80,AA80,AD80,AG80,AJ80) -> 0
A81: Holidays | B81: 0 | C81: 0 | D81: Holidays | E81: 0 | F81: 0 | G81: Holidays | H81: 0 | I81: 0 | J81: Holidays | K81: 0 | L81: 0 | M81: Holidays | N81: 0 | O81: 0 | P81: Holidays | Q81: 0 | R81: 0 | S81: Holidays | T81: 0 | U81: 0 | V81: Holidays | W81: 0 | X81: 0 | Y81: Holidays | Z81: 0 | AA81: 0 | AB81: Holidays | AC81: 0 | AD81: 0 | AE81: Holidays | AF81: 0 | AG81: 0 | AH81: Holidays | AI81: 0 | AJ81: 0 | AK81: Holidays | AL81: =SUM(B81,E81,H81,K81,N81,Q81,T81,W81,Z81,AC81,AF81,AI81) -> 0 | AM81: =SUM(C81,F81,I81,L81,O81,R81,U81,X81,AA81,AD81,AG81,AJ81) -> 0
A82: Gifts/Donations | B82: 0 | C82: 0 | D82: Gifts/Donations | E82: 0 | F82: 0 | G82: Gifts/Donations | H82: 0 | I82: 0 | J82: Gifts/Donations | K82: 0 | L82: 0 | M82: Gifts/Donations | N82: 0 | O82: 0 | P82: Gifts/Donations | Q82: 0 | R82: 0 | S82: Gifts/Donations | T82: 0 | U82: 0 | V82: Gifts/Donations | W82: 0 | X82: 0 | Y82: Gifts/Donations | Z82: 0 | AA82: 0 | AB82: Gifts/Donations | AC82: 0 | AD82: 0 | AE82: Gifts/Donations | AF82: 0 | AG82: 0 | AH82: Gifts/Donations | AI82: 0 | AJ82: 0 | AK82: Gifts/Donations | AL82: =SUM(B82,E82,H82,K82,N82,Q82,T82,W82,Z82,AC82,AF82,AI82) -> 0 | AM82: =SUM(C82,F82,I82,L82,O82,R82,U82,X82,AA82,AD82,AG82,AJ82) -> 0
A83: Other | B83: 0 | C83: 0 | D83: Other | E83: 0 | F83: 0 | G83: Other | H83: 0 | I83: 0 | J83: Other | K83: 0 | L83: 0 | M83: Other | N83: 0 | O83: 0 | P83: Other | Q83: 0 | R83: 0 | S83: Other | T83: 0 | U83: 0 | V83: Other | W83: 0 | X83: 0 | Y83: Other | Z83: 0 | AA83: 0 | AB83: Other | AC83: 0 | AD83: 0 | AE83: Other | AF83: 0 | AG83: 0 | AH83: Other | AI83: 0 | AJ83: 0 | AK83: Other | AL83: =SUM(B83,E83,H83,K83,N83,Q83,T83,W83,Z83,AC83,AF83,AI83) -> 0 | AM83: =SUM(C83,F83,I83,L83,O83,R83,U83,X83,AA83,AD83,AG83,AJ83) -> 0
A84: Subtotals: | B84: =SUM(B78:B83) -> 0 | C84: =SUM(C78:C83) -> 0 | D84: Subtotals: | E84: =SUM(E78:E83) -> 0 | F84: =SUM(F78:F83) -> 0 | G84: Subtotals: | H84: =SUM(H78:H83) -> 0 | I84: =SUM(I78:I83) -> 0 | J84: Subtotals: | K84: =SUM(K78:K83) -> 0 | L84: =SUM(L78:L83) -> 0 | M84: Subtotals: | N84: =SUM(N78:N83) -> 0 | O84: =SUM(O78:O83) -> 0 | P84: Subtotals: | Q84: =SUM(Q78:Q83) -> 0 | R84: =SUM(R78:R83) -> 0 | S84: Subtotals: | T84: =SUM(T78:T83) -> 0 | U84: =SUM(U78:U83) -> 0 | V84: Subtotals: | W84: =SUM(W78:W83) -> 0 | X84: =SUM(X78:X83) -> 0 | Y84: Subtotals: | Z84: =SUM(Z78:Z83) -> 0 | AA84: =SUM(AA78:AA83) -> 0 | AB84: Subtotals: | AC84: =SUM(AC78:AC83) -> 0 | AD84: =SUM(AD78:AD83) -> 0 | AE84: Subtotals: | AF84: =SUM(AF78:AF83) -> 0 | AG84: =SUM(AG78:AG83) -> 0 | AH84: Subtotals: | AI84: =SUM(AI78:AI83) -> 0 | AJ84: =SUM(AJ78:AJ83) -> 0 | AK84: Subtotals: | AL84: =SUM(AL78:AL83) -> 0 | AM84: =SUM(AM78:AM83) -> 0
A86: Retained Income | D86: Retained Income | G86: Retained Income | J86: Retained Income | M86: Retained Income | P86: Retained Income | S86: Retained Income | V86: Retained Income | Y86: Retained Income | AB86: Retained Income | AE86: Retained Income | AH86: Retained Income | AK86: Retained Income
A87: Retained Income | B87: Projected | C87: Actual | D87: Retained Income | E87: Projected | F87: Actual | G87: Retained Income | H87: Projected | I87: Actual | J87: Retained Income | K87: Projected | L87: Actual | M87: Retained Income | N87: Projected | O87: Actual | P87: Retained Income | Q87: Projected | R87: Actual | S87: Retained Income | T87: Projected | U87: Actual | V87: Retained Income | W87: Projected | X87: Actual | Y87: Retained Income | Z87: Projected | AA87: Actual | AB87: Retained Income | AC87: Projected | AD87: Actual | AE87: Retained Income | AF87: Projected | AG87: Actual | AH87: Retained Income | AI87: Projected | AJ87: Actual | AK87: Retained Income | AL87: Projected | AM87: Actual
A88: Total Monthly Expenses | B88: =SUM(B30,B41,B48,B64,B84,B76) -> 0 | C88: =SUM(C30,C41,C48,C64,C84,C76) -> 0 | D88: Total Monthly Expenses | E88: =SUM(E30,E41,E48,E64,E84,E76) -> 0 | F88: =SUM(F30,F41,F48,F64,F84,F76) -> 0 | G88: Total Monthly Expenses | H88: =SUM(H30,H41,H48,H64,H84,H76) -> 0 | I88: =SUM(I30,I41,I48,I64,I84,I76) -> 0 | J88: Total Monthly Expenses | K88: =SUM(K30,K41,K48,K64,K84,K76) -> 0 | L88: =SUM(L30,L41,L48,L64,L84,L76) -> 0 | M88: Total Monthly Expenses | N88: =SUM(N30,N41,N48,N64,N84,N76) -> 0 | O88: =SUM(O30,O41,O48,O64,O84,O76) -> 0 | P88: Total Monthly Expenses | Q88: =SUM(Q30,Q41,Q48,Q64,Q84,Q76) -> 0 | R88: =SUM(R30,R41,R48,R64,R84,R76) -> 0 | S88: Total Monthly Expenses | T88: =SUM(T30,T41,T48,T64,T84,T76) -> 0 | U88: =SUM(U30,U41,U48,U64,U84,U76) -> 0 | V88: Total Monthly Expenses | W88: =SUM(W30,W41,W48,W64,W84,W76) -> 0 | X88: =SUM(X30,X41,X48,X64,X84,X76) -> 0 | Y88: Total Monthly Expenses | Z88: =SUM(Z30,Z41,Z48,Z64,Z84,Z76) -> 0 | AA88: =SUM(AA30,AA41,AA48,AA64,AA84,AA76) -> 0 | AB88: Total Monthly Expenses | AC88: =SUM(AC30,AC41,AC48,AC64,AC84,AC76) -> 0 | AD88: =SUM(AD30,AD41,AD48,AD64,AD84,AD76) -> 0 | AE88: Total Monthly Expenses | AF88: =SUM(AF30,AF41,AF48,AF64,AF84,AF76) -> 0 | AG88: =SUM(AG30,AG41,AG48,AG64,AG84,AG76) -> 0 | AH88: Total Monthly Expenses | AI88: =SUM(AI30,AI41,AI48,AI64,AI84,AI76) -> 0 | AJ88: =SUM(AJ30,AJ41,AJ48,AJ64,AJ84,AJ76) -> 0 | AK88: Total Monthly Expenses | AL88: =SUM(AL30,AL41,AL48,AL64,AL84,AL76) -> 0 | AM88: =SUM(AM30,AM41,AM48,AM64,AM84,AM76) -> 0
A89: Total Monthly Income Less Total Monthly Expenses | B89: =SUM(B12-B88) -> 0 | C89: =SUM(C12-C88) -> 0 | D89: Total Monthly Income Less Total Monthly Expenses | E89: =SUM(E12-E88) -> 0 | F89: =SUM(F12-F88) -> 0 | G89: Total Monthly Income Less Total Monthly Expenses | H89: =SUM(H12-H88) -> 0 | I89: =SUM(I12-I88) -> 0 | J89: Total Monthly Income Less Total Monthly Expenses | K89: =SUM(K12-K88) -> 0 | L89: =SUM(L12-L88) -> 0 | M89: Total Monthly Income Less Total Monthly Expenses | N89: =SUM(N12-N88) -> 0 | O89: =SUM(O12-O88) -> 0 | P89: Total Monthly Income Less Total Monthly Expenses | Q89: =SUM(Q12-Q88) -> 0 | R89: =SUM(R12-R88) -> 0 | S89: Total Monthly Income Less Total Monthly Expenses | T89: =SUM(T12-T88) -> 0 | U89: =SUM(U12-U88) -> 0 | V89: Total Monthly Income Less Total Monthly Expenses | W89: =SUM(W12-W88) -> 0 | X89: =SUM(X12-X88) -> 0 | Y89: Total Monthly Income Less Total Monthly Expenses | Z89: =SUM(Z12-Z88) -> 0 | AA89: =SUM(AA12-AA88) -> 0 | AB89: Total Monthly Income Less Total Monthly Expenses | AC89: =SUM(AC12-AC88) -> 0 | AD89: =SUM(AD12-AD88) -> 0 | AE89: Total Monthly Income Less Total Monthly Expenses | AF89: =SUM(AF12-AF88) -> 0 | AG89: =SUM(AG12-AG88) -> 0 | AH89: Total Monthly Income Less Total Monthly Expenses | AI89: =SUM(AI12-AI88) -> 0 | AJ89: =SUM(AJ12-AJ88) -> 0 | AK89: Total Monthly Income Less Total Monthly Expenses | AL89: =SUM(AL12-AL88) -> 0 | AM89: =SUM(AM12-AM88) -> 0
A91: Distributions | D91: Distributions | G91: Distributions | J91: Distributions | M91: Distributions | P91: Distributions | S91: Distributions | V91: Distributions | Y91: Distributions | AB91: Distributions | AE91: Distributions | AH91: Distributions | AK91: Distributions
A92: Allocation of Retained Income | B92: Projected | C92: Actual | D92: Allocation of Retained Income | E92: Projected | F92: Actual | G92: Allocation of Retained Income | H92: Projected | I92: Actual | J92: Allocation of Retained Income | K92: Projected | L92: Actual | M92: Allocation of Retained Income | N92: Projected | O92: Actual | P92: Allocation of Retained Income | Q92: Projected | R92: Actual | S92: Allocation of Retained Income | T92: Projected | U92: Actual | V92: Allocation of Retained Income | W92: Projected | X92: Actual | Y92: Allocation of Retained Income | Z92: Projected | AA92: Actual | AB92: Allocation of Retained Income | AC92: Projected | AD92: Actual | AE92: Allocation of Retained Income | AF92: Projected | AG92: Actual | AH92: Allocation of Retained Income | AI92: Projected | AJ92: Actual | AK92: Allocation of Retained Income | AL92: Projected | AM92: Actual
A93: Checking | B93: =B89-SUM(B94:B99) -> 0 | C93: =C89-SUM(C94:C99) -> 0 | D93: Checking | E93: =E89-SUM(E94:E99) -> 0 | F93: =F89-SUM(F94:F99) -> 0 | G93: Checking | H93: =H89-SUM(H94:H99) -> 0 | I93: =I89-SUM(I94:I99) -> 0 | J93: Checking | K93: =K89-SUM(K94:K99) -> 0 | L93: =L89-SUM(L94:L99) -> 0 | M93: Checking | N93: =N89-SUM(N94:N99) -> 0 | O93: =O89-SUM(O94:O99) -> 0 | P93: Checking | Q93: =Q89-SUM(Q94:Q99) -> 0 | R93: =R89-SUM(R94:R99) -> 0 | S93: Checking | T93: =T89-SUM(T94:T99) -> 0 | U93: =U89-SUM(U94:U99) -> 0 | V93: Checking | W93: =W89-SUM(W94:W99) -> 0 | X93: =X89-SUM(X94:X99) -> 0 | Y93: Checking | Z93: =Z89-SUM(Z94:Z99) -> 0 | AA93: =AA89-SUM(AA94:AA99) -> 0 | AB93: Checking | AC93: =AC89-SUM(AC94:AC99) -> 0 | AD93: =AD89-SUM(AD94:AD99) -> 0 | AE93: Checking | AF93: =AF89-SUM(AF94:AF99) -> 0 | AG93: =AG89-SUM(AG94:AG99) -> 0 | AH93: Checking | AI93: =AI89-SUM(AI94:AI99) -> 0 | AJ93: =AJ89-SUM(AJ94:AJ99) -> 0 | AK93: Checking | AL93: =AL89-SUM(AL94:AL99) -> 0 | AM93: =AM89-SUM(AM94:AM99) -> 0
A94: Savings | B94: 0 | C94: 0 | D94: Savings | E94: 0 | F94: 0 | G94: Savings | H94: 0 | I94: 0 | J94: Savings | K94: 0 | L94: 0 | M94: Savings | N94: 0 | O94: 0 | P94: Savings | Q94: 0 | R94: 0 | S94: Savings | T94: 0 | U94: 0 | V94: Savings | W94: 0 | X94: 0 | Y94: Savings | Z94: 0 | AA94: 0 | AB94: Savings | AC94: 0 | AD94: 0 | AE94: Savings | AF94: 0 | AG94: 0 | AH94: Savings | AI94: 0 | AJ94: 0 | AK94: Savings | AL94: 0 | AM94: 0
A95: IRA 1 Contributions | B95: 0 | C95: 0 | D95: IRA 1 Contributions | E95: 0 | F95: 0 | G95: IRA 1 Contributions | H95: 0 | I95: 0 | J95: IRA 1 Contributions | K95: 0 | L95: 0 | M95: IRA 1 Contributions | N95: 0 | O95: 0 | P95: IRA 1 Contributions | Q95: 0 | R95: 0 | S95: IRA 1 Contributions | T95: 0 | U95: 0 | V95: IRA 1 Contributions | W95: 0 | X95: 0 | Y95: IRA 1 Contributions | Z95: 0 | AA95: 0 | AB95: IRA 1 Contributions | AC95: 0 | AD95: 0 | AE95: IRA 1 Contributions | AF95: 0 | AG95: 0 | AH95: IRA 1 Contributions | AI95: 0 | AJ95: 0 | AK95: IRA 1 Contributions | AL95: 0 | AM95: 0
A96: IRA 2 Contributions | B96: 0 | C96: 0 | D96: IRA 2 Contributions | E96: 0 | F96: 0 | G96: IRA 2 Contributions | H96: 0 | I96: 0 | J96: IRA 2 Contributions | K96: 0 | L96: 0 | M96: IRA 2 Contributions | N96: 0 | O96: 0 | P96: IRA 2 Contributions | Q96: 0 | R96: 0 | S96: IRA 2 Contributions | T96: 0 | U96: 0 | V96: IRA 2 Contributions | W96: 0 | X96: 0 | Y96: IRA 2 Contributions | Z96: 0 | AA96: 0 | AB96: IRA 2 Contributions | AC96: 0 | AD96: 0 | AE96: IRA 2 Contributions | AF96: 0 | AG96: 0 | AH96: IRA 2 Contributions | AI96: 0 | AJ96: 0 | AK96: IRA 2 Contributions | AL96: 0 | AM96: 0
A97: Investments in Home Equity | B97: 0 | C97: 0 | D97: Investments in Home Equity | E97: 0 | F97: 0 | G97: Investments in Home Equity | H97: 0 | I97: 0 | J97: Investments in Home Equity | K97: 0 | L97: 0 | M97: Investments in Home Equity | N97: 0 | O97: 0 | P97: Investments in Home Equity | Q97: 0 | R97: 0 | S97: Investments in Home Equity | T97: 0 | U97: 0 | V97: Investments in Home Equity | W97: 0 | X97: 0 | Y97: Investments in Home Equity | Z97: 0 | AA97: 0 | AB97: Investments in Home Equity | AC97: 0 | AD97: 0 | AE97: Investments in Home Equity | AF97: 0 | AG97: 0 | AH97: Investments in Home Equity | AI97: 0 | AJ97: 0 | AK97: Investments in Home Equity | AL97: 0 | AM97: 0
A98: Inventory Items | B98: 0 | C98: 0 | D98: Inventory Items | E98: 0 | F98: 0 | G98: Inventory Items | H98: 0 | I98: 0 | J98: Inventory Items | K98: 0 | L98: 0 | M98: Inventory Items | N98: 0 | O98: 0 | P98: Inventory Items | Q98: 0 | R98: 0 | S98: Inventory Items | T98: 0 | U98: 0 | V98: Inventory Items | W98: 0 | X98: 0 | Y98: Inventory Items | Z98: 0 | AA98: 0 | AB98: Inventory Items | AC98: 0 | AD98: 0 | AE98: Inventory Items | AF98: 0 | AG98: 0 | AH98: Inventory Items | AI98: 0 | AJ98: 0 | AK98: Inventory Items | AL98: 0 | AM98: 0
A99: Other Investments | B99: 0 | C99: 0 | D99: Other Investments | E99: 0 | F99: 0 | G99: Other Investments | H99: 0 | I99: 0 | J99: Other Investments | K99: 0 | L99: 0 | M99: Other Investments | N99: 0 | O99: 0 | P99: Other Investments | Q99: 0 | R99: 0 | S99: Other Investments | T99: 0 | U99: 0 | V99: Other Investments | W99: 0 | X99: 0 | Y99: Other Investments | Z99: 0 | AA99: 0 | AB99: Other Investments | AC99: 0 | AD99: 0 | AE99: Other Investments | AF99: 0 | AG99: 0 | AH99: Other Investments | AI99: 0 | AJ99: 0 | AK99: Other Investments | AL99: 0 | AM99: 0
A100: Total Monthly Distributions (Must Equal Total Retained Income) | B100: =SUM(B93:B99) -> 0 | C100: =SUM(C93:C99) -> 0 | D100: Total Monthly Distributions (Must Equal Total Retained Income) | E100: =SUM(E93:E99) -> 0 | F100: =SUM(F93:F99) -> 0 | G100: Total Monthly Distributions (Must Equal Total Retained Income) | H100: =SUM(H93:H99) -> 0 | I100: =SUM(I93:I99) -> 0 | J100: Total Monthly Distributions (Must Equal Total Retained Income) | K100: =SUM(K93:K99) -> 0 | L100: =SUM(L93:L99) -> 0 | M100: Total Monthly Distributions (Must Equal Total Retained Income) | N100: =SUM(N93:N99) -> 0 | O100: =SUM(O93:O99) -> 0 | P100: Total Monthly Distributions (Must Equal Total Retained Income) | Q100: =SUM(Q93:Q99) -> 0 | R100: =SUM(R93:R99) -> 0 | S100: Total Monthly Distributions (Must Equal Total Retained Income) | T100: =SUM(T93:T99) -> 0 | U100: =SUM(U93:U99) -> 0 | V100: Total Monthly Distributions (Must Equal Total Retained Income) | W100: =SUM(W93:W99) -> 0 | X100: =SUM(X93:X99) -> 0 | Y100: Total Monthly Distributions (Must Equal Total Retained Income) | Z100: =SUM(Z93:Z99) -> 0 | AA100: =SUM(AA93:AA99) -> 0 | AB100: Total Monthly Distributions (Must Equal Total Retained Income) | AC100: =SUM(AC93:AC99) -> 0 | AD100: =SUM(AD93:AD99) -> 0 | AE100: Total Monthly Distributions (Must Equal Total Retained Income) | AF100: =SUM(AF93:AF99) -> 0 | AG100: =SUM(AG93:AG99) -> 0 | AH100: Total Monthly Distributions (Must Equal Total Retained Income) | AI100: =SUM(AI93:AI99) -> 0 | AJ100: =SUM(AJ93:AJ99) -> 0 | AK100: Total Monthly Distributions (Must Equal Total Retained Income) | AL100: =SUM(AL93:AL99) -> 0 | AM100: =SUM(AM93:AM99) -> 0

Sheet INCOME STATEMENT
A1: 2025 Income Statement - Q1 | D1: 2025 Income Statement - Q2 | G1: 2025 Income Statement - Q3 | J1: 2025 Income Statement - Q4 | M1: 2025 Income Statement - FY | R1: 2025 Income Statement Vertical Analysis - FY
N2: Q1 | O2: Q2 | P2: Q3 | Q2: Q4 | S2: Q1 | T2: Q2 | U2: Q3 | V2: Q4
A3: Monthly Income | D3: Monthly Income | G3: Monthly Income | J3: Monthly Income | M3: Monthly Income | R3: Revenue
A4: Income 1 | B4: =SUM('--- BUDGET ---'!C4,'--- BUDGET ---'!F4,'--- BUDGET ---'!I4) -> 0 | D4: Income 1 | E4: =SUM('--- BUDGET ---'!L4,'--- BUDGET ---'!O4,'--- BUDGET ---'!R4) -> 0 | G4: Income 1 | H4: =SUM('--- BUDGET ---'!U4,'--- BUDGET ---'!X4,'--- BUDGET ---'!AA4) -> 0 | J4: Income 1 | K4: =SUM('--- BUDGET ---'!AD4,'--- BUDGET ---'!AG4,'--- BUDGET ---'!AJ4) -> 0 | M4: Income 1 | N4: =SUM(B4) -> 0 | O4: =SUM(E4) -> 0 | P4: =SUM(H4) -> 0 | Q4: =SUM(K4) -> 0 | R4: Income 1 | S4: =SUM(N4/N12) -> #DIV/0! | T4: =SUM(O4/O12) -> #DIV/0! | U4: =SUM(P4/P12) -> #DIV/0! | V4: =SUM(Q4/Q12) -> #DIV/0!
A5: Income 2 | B5: =SUM('--- BUDGET ---'!C5,'--- BUDGET ---'!F5,'--- BUDGET ---'!I5) -> 0 | D5: Income 2 | E5: =SUM('--- BUDGET ---'!L5,'--- BUDGET ---'!O5,'--- BUDGET ---'!R5) -> 0 | G5: Income 2 | H5: =SUM('--- BUDGET ---'!U5,'--- BUDGET ---'!X5,'--- BUDGET ---'!AA5) -> 0 | J5: Income 2 | K5: =SUM('--- BUDGET ---'!AD5,'--- BUDGET ---'!AG5,'--- BUDGET ---'!AJ5) -> 0 | M5: Income 2 | N5: =SUM(B5) -> 0 | O5: =SUM(E5) -> 0 | P5: =SUM(H5) -> 0 | Q5: =SUM(K5) -> 0 | R5: Income 2 | S5: =SUM(N5/N12) -> #DIV/0! | T5: =SUM(O5/O12) -> #DIV/0! | U5: =SUM(P5/P12) -> #DIV/0! | V5: =SUM(Q5/Q12) -> #DIV/0!
A6: Income 3 | B6: =SUM('--- BUDGET ---'!C6,'--- BUDGET ---'!F6,'--- BUDGET ---'!I6) -> 0 | D6: Income 3 | E6: =SUM('--- BUDGET ---'!L6,'--- BUDGET ---'!O6,'--- BUDGET ---'!R6) -> 0 | G6: Income 3 | H6: =SUM('--- BUDGET ---'!U6,'--- BUDGET ---'!X6,'--- BUDGET ---'!AA6) -> 0 | J6: Income 3 | K6: =SUM('--- BUDGET ---'!AD6,'--- BUDGET ---'!AG6,'--- BUDGET ---'!AJ6) -> 0 | M6: Income 3 | N6: =SUM(B6) -> 0 | O6: =SUM(E6) -> 0 | P6: =SUM(H6) -> 0 | Q6: =SUM(K6) -> 0 | R6: Income 3 | S6: =SUM(N6/N12) -> #DIV/0! | T6: =SUM(O6/O12) -> #DIV/0! | U6: =SUM(P6/P12) -> #DIV/0! | V6: =SUM(Q6/Q12) -> #DIV/0!
A7: Income 4 | B7: =SUM('--- BUDGET ---'!C7,'--- BUDGET ---'!F7,'--- BUDGET ---'!I7) -> 0 | D7: Income 4 | E7: =SUM('--- BUDGET ---'!L7,'--- BUDGET ---'!O7,'--- BUDGET ---'!R7) -> 0 | G7: Income 4 | H7: =SUM('--- BUDGET ---'!U7,'--- BUDGET ---'!X7,'--- BUDGET ---'!AA7) -> 0 | J7: Income 4 | K7: =SUM('--- BUDGET ---'!AD7,'--- BUDGET ---'!AG7,'--- BUDGET ---'!AJ7) -> 0 | M7: Income 4 | N7: =SUM(B7) -> 0 | O7: =SUM(E7) -> 0 | P7: =SUM(H7) -> 0 | Q7: =SUM(K7) -> 0 | R7: Income 4 | S7: =SUM(N7/N12) -> #DIV/0! | T7: =SUM(O7/O12) -> #DIV/0! | U7: =SUM(P7/P12) -> #DIV/0! | V7: =SUM(Q7/Q12) -> #DIV/0!
A8: Banking Interest | B8: =SUM('--- BUDGET ---'!C8,'--- BUDGET ---'!F8,'--- BUDGET ---'!I8) -> 0 | D8: Banking Interest | E8: =SUM('--- BUDGET ---'!L8,'--- BUDGET ---'!O8,'--- BUDGET ---'!R8) -> 0 | G8: Banking Interest | H8: =SUM('--- BUDGET ---'!U8,'--- BUDGET ---'!X8,'--- BUDGET ---'!AA8) -> 0 | J8: Banking Interest | K8: =SUM('--- BUDGET ---'!AD8,'--- BUDGET ---'!AG8,'--- BUDGET ---'!AJ8) -> 0 | M8: Banking Interest | N8: =SUM(B8) -> 0 | O8: =SUM(E8) -> 0 | P8: =SUM(H8) -> 0 | Q8: =SUM(K8) -> 0 | R8: Banking Interest | S8: =SUM(N8/N12) -> #DIV/0! | T8: =SUM(O8/O12) -> #DIV/0! | U8: =SUM(P8/P12) -> #DIV/0! | V8: =SUM(Q8/Q12) -> #DIV/0!
A9: Credit Card Rewards | B9: =SUM('--- BUDGET ---'!C9,'--- BUDGET ---'!F9,'--- BUDGET ---'!I9) -> 0 | D9: Credit Card Rewards | E9: =SUM('--- BUDGET ---'!L9,'--- BUDGET ---'!O9,'--- BUDGET ---'!R9) -> 0 | G9: Credit Card Rewards | H9: =SUM('--- BUDGET ---'!U9,'--- BUDGET ---'!X9,'--- BUDGET ---'!AA9) -> 0 | J9: Credit Card Rewards | K9: =SUM('--- BUDGET ---'!AD9,'--- BUDGET ---'!AG9,'--- BUDGET ---'!AJ9) -> 0 | M9: Credit Card Rewards | N9: =SUM(B9) -> 0 | O9: =SUM(E9) -> 0 | P9: =SUM(H9) -> 0 | Q9: =SUM(K9) -> 0 | R9: Credit Card Rewards | S9: =SUM(N9/N12) -> #DIV/0! | T9: =SUM(O9/O12) -> #DIV/0! | U9: =SUM(P9/P12) -> #DIV/0! | V9: =SUM(Q9/Q12) -> #DIV/0!
A10: Venmo | B10: =SUM('--- BUDGET ---'!C10,'--- BUDGET ---'!F10,'--- BUDGET ---'!I10) -> 0 | D10: Venmo | E10: =SUM('--- BUDGET ---'!L10,'--- BUDGET ---'!O10,'--- BUDGET ---'!R10) -> 0 | G10: Venmo | H10: =SUM('--- BUDGET ---'!U10,'--- BUDGET ---'!X10,'--- BUDGET ---'!AA10) -> 0 | J10: Venmo | K10: =SUM('--- BUDGET ---'!AD10,'--- BUDGET ---'!AG10,'--- BUDGET ---'!AJ10) -> 0 | M10: Venmo | N10: =SUM(B10) -> 0 | O10: =SUM(E10) -> 0 | P10: =SUM(H10) -> 0 | Q10: =SUM(K10) -> 0 | R10: Venmo | S10: =SUM(N10/N12) -> #DIV/0! | T10: =SUM(O10/O12) -> #DIV/0! | U10: =SUM(P10/P12) -> #DIV/0! | V10: =SUM(Q10/Q12) -> #DIV/0!
A11: Other | B11: =SUM('--- BUDGET ---'!C11,'--- BUDGET ---'!F11,'--- BUDGET ---'!I11) -> 0 | D11: Other | E11: =SUM('--- BUDGET ---'!L11,'--- BUDGET ---'!O11,'--- BUDGET ---'!R11) -> 0 | G11: Other | H11: =SUM('--- BUDGET ---'!U11,'--- BUDGET ---'!X11,'--- BUDGET ---'!AA11) -> 0 | J11: Other | K11: =SUM('--- BUDGET ---'!AD11,'--- BUDGET ---'!AG11,'--- BUDGET ---'!AJ11) -> 0 | M11: Other | N11: =SUM(B11) -> 0 | O11: =SUM(E11) -> 0 | P11: =SUM(H11) -> 0 | Q11: =SUM(K11) -> 0 | R11: Other | S11: =SUM(N11/N12) -> #DIV/0! | T11: =SUM(O11/O12) -> #DIV/0! | U11: =SUM(P11/P12) -> #DIV/0! | V11: =SUM(Q11/Q12) -> #DIV/0!
A12: Total Revenue | C12: =SUM('--- BUDGET ---'!C12,'--- BUDGET ---'!F12,'--- BUDGET ---'!I12) -> 0 | D12: Total Revenue | F12: =SUM('--- BUDGET ---'!L12,'--- BUDGET ---'!O12,'--- BUDGET ---'!R12) -> 0 | G12: Total Revenue | I12: =SUM('--- BUDGET ---'!U12,'--- BUDGET ---'!X12,'--- BUDGET ---'!AA12) -> 0 | J12: Total Revenue | L12: =SUM('--- BUDGET ---'!AD12,'--- BUDGET ---'!AG12,'--- BUDGET ---'!AJ12) -> 0 | M12: Total Revenue | N12: =SUM(C12) -> 0 | O12: =SUM(F12) -> 0 | P12: =SUM(I12) -> 0 | Q12: =SUM(L12) -> 0 | R12: Total Revenue | S12: =SUM(N12/N12) -> #DIV/0! | T12: =SUM(O12/O12) -> #DIV/0! | U12: =SUM(P12/P12) -> #DIV/0! | V12: =SUM(Q12/Q12) -> #DIV/0!
A14: Expenses | D14: Expenses | G14: Expenses | J14: Expenses | M14: Expenses | R14: Expenses
A15: Housing | B15: =SUM('--- BUDGET ---'!C30,'--- BUDGET ---'!F30,'--- BUDGET ---'!I30) -> 0 | D15: Housing | E15: =SUM('--- BUDGET ---'!L30,'--- BUDGET ---'!O30,'--- BUDGET ---'!R30) -> 0 | G15: Housing | H15: =SUM('--- BUDGET ---'!U30,'--- BUDGET ---'!X30,'--- BUDGET ---'!AA30) -> 0 | J15: Housing | K15: =SUM('--- BUDGET ---'!AD30,'--- BUDGET ---'!AG30,'--- BUDGET ---'!AJ30) -> 0 | M15: Housing | N15: =SUM(B15) -> 0 | O15: =SUM(E15) -> 0 | P15: =SUM(H15) -> 0 | Q15: =SUM(K15) -> 0 | R15: Housing | S15: =SUM(N15/N12) -> #DIV/0! | T15: =SUM(O15/O12) -> #DIV/0! | U15: =SUM(P15/P12) -> #DIV/0! | V15: =SUM(Q15/Q12) -> #DIV/0!
A16: Transportation | B16: =SUM('--- BUDGET ---'!C41,'--- BUDGET ---'!F41,'--- BUDGET ---'!I41) -> 0 | D16: Transportation | E16: =SUM('--- BUDGET ---'!L41,'--- BUDGET ---'!O41,'--- BUDGET ---'!R41) -> 0 | G16: Transportation | H16: =SUM('--- BUDGET ---'!U41,'--- BUDGET ---'!X41,'--- BUDGET ---'!AA41) -> 0 | J16: Transportation | K16: =SUM('--- BUDGET ---'!AD41,'--- BUDGET ---'!AG41,'--- BUDGET ---'!AJ41) -> 0 | M16: Transportation | N16: =SUM(B16) -> 0 | O16: =SUM(E16) -> 0 | P16: =SUM(H16) -> 0 | Q16: =SUM(K16) -> 0 | R16: Transportation | S16: =SUM(N16/N12) -> #DIV/0! | T16: =SUM(O16/O12) -> #DIV/0! | U16: =SUM(P16/P12) -> #DIV/0! | V16: =SUM(Q16/Q12) -> #DIV/0!
A17: Food | B17: =SUM('--- BUDGET ---'!C48,'--- BUDGET ---'!F48,'--- BUDGET ---'!I48) -> 0 | D17: Food | E17: =SUM('--- BUDGET ---'!L48,'--- BUDGET ---'!O48,'--- BUDGET ---'!R48) -> 0 | G17: Food | H17: =SUM('--- BUDGET ---'!U48,'--- BUDGET ---'!X48,'--- BUDGET ---'!AA48) -> 0 | J17: Food | K17: =SUM('--- BUDGET ---'!AD48,'--- BUDGET ---'!AG48,'--- BUDGET ---'!AJ48) -> 0 | M17: Food | N17: =SUM(B17) -> 0 | O17: =SUM(E17) -> 0 | P17: =SUM(H17) -> 0 | Q17: =SUM(K17) -> 0 | R17: Food | S17: =SUM(N17/N12) -> #DIV/0! | T17: =SUM(O17/O12) -> #DIV/0! | U17: =SUM(P17/P12) -> #DIV/0! | V17: =SUM(Q17/Q12) -> #DIV/0!
A18: Personal Care | B18: =SUM('--- BUDGET ---'!C64,'--- BUDGET ---'!F64,'--- BUDGET ---'!I64) -> 0 | D18: Personal Care | E18: =SUM('--- BUDGET ---'!L64,'--- BUDGET ---'!O64,'--- BUDGET ---'!R64) -> 0 | G18: Personal Care | H18: =SUM('--- BUDGET ---'!U64,'--- BUDGET ---'!X64,'--- BUDGET ---'!AA64) -> 0 | J18: Personal Care | K18: =SUM('--- BUDGET ---'!AD64,'--- BUDGET ---'!AG64,'--- BUDGET ---'!AJ64) -> 0 | M18: Personal Care | N18: =SUM(B18) -> 0 | O18: =SUM(E18) -> 0 | P18: =SUM(H18) -> 0 | Q18: =SUM(K18) -> 0 | R18: Personal Care | S18: =SUM(N18/N12) -> #DIV/0! | T18: =SUM(O18/O12) -> #DIV/0! | U18: =SUM(P18/P12) -> #DIV/0! | V18: =SUM(Q18/Q12) -> #DIV/0!
A19: Children | B19: =SUM('--- BUDGET ---'!C76,'--- BUDGET ---'!F76,'--- BUDGET ---'!I76) -> 0 | D19: Children | E19: =SUM('--- BUDGET ---'!L76,'--- BUDGET ---'!O76,'--- BUDGET ---'!R76) -> 0 | G19: Children | H19: =SUM('--- BUDGET ---'!U76,'--- BUDGET ---'!X76,'--- BUDGET ---'!AA76) -> 0 | J19: Children | K19: =SUM('--- BUDGET ---'!AD76,'--- BUDGET ---'!AG76,'--- BUDGET ---'!AJ76) -> 0 | M19: Children | N19: =B19 -> 0 | O19: =E19 -> 0 | P19: =H19 -> 0 | Q19: =K19 -> 0 | R19: Children | S19: =N19/N12 -> #DIV/0! | T19: =O19/O12 -> #DIV/0! | U19: =P19/P12 -> #DIV/0! | V19: =Q19/Q12 -> #DIV/0!
A20: Other | B20: =SUM('--- BUDGET ---'!C84,'--- BUDGET ---'!F84,'--- BUDGET ---'!I84) -> 0 | D20: Other | E20: =SUM('--- BUDGET ---'!L84,'--- BUDGET ---'!O84,'--- BUDGET ---'!R84) -> 0 | G20: Other | H20: =SUM('--- BUDGET ---'!U84,'--- BUDGET ---'!X84,'--- BUDGET ---'!AA84) -> 0 | J20: Other | K20: =SUM('--- BUDGET ---'!AD84,'--- BUDGET ---'!AG84,'--- BUDGET ---'!AJ84) -> 0 | M20: Other | N20: =SUM(B20) -> 0 | O20: =SUM(E20) -> 0 | P20: =SUM(H20) -> 0 | Q20: =SUM(K20) -> 0 | R20: Other | S20: =SUM(N20/N12) -> #DIV/0! | T20: =SUM(O20/O12) -> #DIV/0! | U20: =SUM(P20/P12) -> #DIV/0! | V20: =SUM(Q20/Q12) -> #DIV/0!
A21: Total Expenses | C21: =SUM(B15:B20) -> 0 | D21: Total Expenses | F21: =SUM(E15:E20) -> 0 | G21: Total Expenses | I21: =SUM(H15:H20) -> 0 | J21: Total Expenses | L21: =SUM(K15:K20) -> 0 | M21: Total Expenses | N21: =SUM(C21) -> 0 | O21: =SUM(F21) -> 0 | P21: =SUM(I21) -> 0 | Q21: =SUM(L21) -> 0 | R21: Total Expenses | S21: =SUM(N21/N12) -> #DIV/0! | T21: =SUM(O21/O12) -> #DIV/0! | U21: =SUM(P21/P12) -> #DIV/0! | V21: =SUM(Q21/Q12) -> #DIV/0!
A23: Net Income | D23: Net Income | G23: Net Income | J23: Net Income | M23: Net Income | R23: Net Income
A24: Total Revenue | B24: =SUM(C12) -> 0 | D24: Total Revenue | E24: =SUM(F12) -> 0 | G24: Total Revenue | H24: =SUM(I12) -> 0 | J24: Total Revenue | K24: =SUM(L12) -> 0 | M24: Total Revenue | N24: =SUM(B24) -> 0 | O24: =SUM(E24) -> 0 | P24: =SUM(H24) -> 0 | Q24: =SUM(K24) -> 0 | R24: Total Revenue | S24: =SUM(N24/N12) -> #DIV/0! | T24: =SUM(O24/O12) -> #DIV/0! | U24: =SUM(P24/P12) -> #DIV/0! | V24: =SUM(Q24/Q12) -> #DIV/0!
A25: Less Total Expenses | B25: =SUM(C21) -> 0 | D25: Less Total Expenses | E25: =SUM(F21) -> 0 | G25: Less Total Expenses | H25: =SUM(I21) -> 0 | J25: Less Total Expenses | K25: =SUM(L21) -> 0 | M25: Less Total Expenses | N25: =SUM(B25) -> 0 | O25: =SUM(E25) -> 0 | P25: =SUM(H25) -> 0 | Q25: =SUM(K25) -> 0 | R25: Less Total Expenses | S25: =SUM(N25/N12) -> #DIV/0! | T25: =SUM(O25/O12) -> #DIV/0! | U25: =SUM(P25/P12) -> #DIV/0! | V25: =SUM(Q25/Q12) -> #DIV/0!
A26: Total Net Income | C26: =SUM(B24-B25) -> 0 | D26: Total Net Income | F26: =SUM(E24-E25) -> 0 | G26: Total Net Income | I26: =SUM(H24-H25) -> 0 | J26: Total Net Income | L26: =SUM(K24-K25) -> 0 | M26: Total Net Income | N26: =SUM(C26) -> 0 | O26: =SUM(F26) -> 0 | P26: =SUM(I26) -> 0 | Q26: =SUM(L26) -> 0 | R26: Total Net Income | S26: =SUM(N26/N12) -> #DIV/0! | T26: =SUM(O26/O12) -> #DIV/0! | U26: =SUM(P26/P12) -> #DIV/0! | V26: =SUM(Q26/Q12) -> #DIV/0!

Sheet BALANCE SHEET
A1: 2025 Balance Sheet - Q1 | D1: 2025 Balance Sheet - Q2 | G1: 2025 Balance Sheet - Q3 | J1: 2025 Balance Sheet - Q4 | M1: 2025 Balance Sheet - FY | R1: 2025 Balance Sheet Vertical Analysis - FY
N2: Q1 | O2: Q2 | P2: Q3 | Q2: Q4 | S2: Q1 | T2: Q2 | U2: Q3 | V2: Q4
A3: Current Assets | D3: Current Assets | G3: Current Assets | J3: Current Assets | M3: Current Assets | R3: Current Assets
A4: Cash-Checking | B4: 0 | D4: Cash-Checking | E4: 0 | G4: Cash-Checking | H4: 0 | J4: Cash-Checking | K4: 0 | M4: Cash-Checking | N4: =SUM(B4) -> 0 | O4: =SUM(E4) -> 0 | P4: =SUM(H4) -> 0 | Q4: =SUM(K4) -> 0 | R4: Cash-Checking | S4: =SUM(N4/N23) -> #DIV/0! | T4: =SUM(O4/O23) -> #DIV/0! | U4: =SUM(P4/P23) -> #DIV/0! | V4: =SUM(Q4/Q23) -> #DIV/0!
A5: Cash-Savings | B5: 0 | D5: Cash-Savings | E5: 0 | G5: Cash-Savings | H5: 0 | J5: Cash-Savings | K5: 0 | M5: Cash-Savings | N5: =SUM(B5) -> 0 | O5: =SUM(E5) -> 0 | P5: =SUM(H5) -> 0 | Q5: =SUM(K5) -> 0 | R5: Cash-Savings | S5: =SUM(N5/N23) -> #DIV/0! | T5: =SUM(O5/O23) -> #DIV/0! | U5: =SUM(P5/P23) -> #DIV/0! | V5: =SUM(Q5/Q23) -> #DIV/0!
A6: Other Bank Acct. | B6: 0 | D6: Other Bank Acct. | E6: 0 | G6: Other Bank Acct. | H6: 0 | J6: Other Bank Acct. | K6: 0 | M6: Other Bank Acct. | N6: =SUM(B6) -> 0 | O6: =SUM(E6) -> 0 | P6: =SUM(H6) -> 0 | Q6: =SUM(K6) -> 0 | R6: Other Bank Acct. | S6: =SUM(N6/N23) -> #DIV/0! | T6: =SUM(O6/O23) -> #DIV/0! | U6: =SUM(P6/P23) -> #DIV/0! | V6: =SUM(Q6/Q23) -> #DIV/0!
A7: Brokerage Acct. | B7: 0 | D7: Brokerage Acct. | E7: 0 | G7: Brokerage Acct. | H7: 0 | J7: Brokerage Acct. | K7: 0 | M7: Brokerage Acct. | N7: =SUM(B7) -> 0 | O7: =SUM(E7) -> 0 | P7: =SUM(H7) -> 0 | Q7: =SUM(K7) -> 0 | R7: Brokerage Acct. | S7: =SUM(N7/N23) -> #DIV/0! | T7: =SUM(O7/O23) -> #DIV/0! | U7: =SUM(P7/P23) -> #DIV/0! | V7: =SUM(Q7/Q23) -> #DIV/0!
A8: Crypto Acct. | B8: 0 | D8: Crypto Acct. | E8: 0 | G8: Crypto Acct. | H8: 0 | J8: Crypto Acct. | K8: 0 | M8: Crypto Acct. | N8: =SUM(B8) -> 0 | O8: =SUM(E8) -> 0 | P8: =SUM(H8) -> 0 | Q8: =SUM(K8) -> 0 | R8: Crypto Acct. | S8: =SUM(N8/N23) -> #DIV/0! | T8: =SUM(O8/O23) -> #DIV/0! | U8: =SUM(P8/P23) -> #DIV/0! | V8: =SUM(Q8/Q23) -> #DIV/0!
A9: Inventory (Camper, Boat, etc.) | B9: 0 | D9: Inventory (Camper, Boat, etc.) | E9: 0 | G9: Inventory (Camper, Boat, etc.) | H9: 0 | J9: Inventory (Camper, Boat, etc.) | K9: 0 | M9: Inventory (Camper, Boat, etc.) | N9: =SUM(B9) -> 0 | O9: =SUM(E9) -> 0 | P9: =SUM(H9) -> 0 | Q9: =SUM(K9) -> 0 | R9: Inventory (Camper, Boat, etc.) | S9: =SUM(N9/N23) -> #DIV/0! | T9: =SUM(O9/O23) -> #DIV/0! | U9: =SUM(P9/P23) -> #DIV/0! | V9: =SUM(Q9/Q23) -> #DIV/0!
A10: Other | B10: 0 | D10: Other | E10: 0 | G10: Other | H10: 0 | J10: Other | K10: 0 | M10: Other | N10: =SUM(B10) -> 0 | O10: =SUM(E10) -> 0 | P10: =SUM(H10) -> 0 | Q10: =SUM(K10) -> 0 | R10: Other | S10: =SUM(N10/N23) -> #DIV/0! | T10: =SUM(O10/O23) -> #DIV/0! | U10: =SUM(P10/P23) -> #DIV/0! | V10: =SUM(Q10/Q23) -> #DIV/0!
A11: Total Current Assets | B11: =SUM(B4:B10) -> 0 | D11: Total Current Assets | E11: =SUM(E4:E10) -> 0 | G11: Total Current Assets | H11: =SUM(H4:H10) -> 0 | J11: Total Current Assets | K11: =SUM(K4:K10) -> 0 | M11: Total Current Assets | N11: =SUM(B11) -> 0 | O11: =SUM(E11) -> 0 | P11: =SUM(H11) -> 0 | Q11: =SUM(K11) -> 0 | R11: Total Current Assets | S11: =SUM(N11/N23) -> #DIV/0! | T11: =SUM(O11/O23) -> #DIV/0! | U11: =SUM(P11/P23) -> #DIV/0! | V11: =SUM(Q11/Q23) -> #DIV/0!
A12: Long-Term Assets | D12: Long-Term Assets | G12: Long-Term Assets | J12: Long-Term Assets | M12: Long-Term Assets | R12: Long-Term Assets
A13: Employment Retirement 1 Balance | B13: 0 | D13: Employment Retirement 1 Balance | E13: 0 | G13: Employment Retirement 1 Balance | H13: 0 | J13: Employment Retirement 1 Balance | K13: 0 | M13: Employment Retirement 1 Balance | N13: =SUM(B13) -> 0 | O13: =SUM(E13) -> 0 | P13: =SUM(H13) -> 0 | Q13: =SUM(K13) -> 0 | R13: Employment Retirement 1 Balance | S13: =SUM(N13/N23) -> #DIV/0! | T13: =SUM(O13/O23) -> #DIV/0! | U13: =SUM(P13/P23) -> #DIV/0! | V13: =SUM(Q13/Q23) -> #DIV/0!
A14: Employment Retirement 2 Balance | B14: 0 | D14: Employment Retirement 2 Balance | E14: 0 | G14: Employment Retirement 2 Balance | H14: 0 | J14: Employment Retirement 2 Balance | K14: 0 | M14: Employment Retirement 2 Balance | N14: =SUM(B14) -> 0 | O14: =SUM(E14) -> 0 | P14: =SUM(H14) -> 0 | Q14: =SUM(K14) -> 0 | R14: Employment Retirement 2 Balance | S14: =SUM(N14/N23) -> #DIV/0! | T14: =SUM(O14/O23) -> #DIV/0! | U14: =SUM(P14/P23) -> #DIV/0! | V14: =SUM(Q14/Q23) -> #DIV/0!
A15: IRA 1 Balance | B15: 0 | D15: IRA 1 Balance | E15: 0 | G15: IRA 1 Balance | H15: 0 | J15: IRA 1 Balance | K15: 0 | M15: IRA 1 Balance | N15: =SUM(B15) -> 0 | O15: =SUM(E15) -> 0 | P15: =SUM(H15) -> 0 | Q15: =SUM(K15) -> 0 | R15: IRA 1 Balance | S15: =SUM(N15/N23) -> #DIV/0! | T15: =SUM(O15/O23) -> #DIV/0! | U15: =SUM(P15/P23) -> #DIV/0! | V15: =SUM(Q15/Q23) -> #DIV/0!
A16: IRA 2 Balance | B16: 0 | D16: IRA 2 Balance | E16: 0 | G16: IRA 2 Balance | H16: 0 | J16: IRA 2 Balance | K16: 0 | M16: IRA 2 Balance | N16: =SUM(B16) -> 0 | O16: =SUM(E16) -> 0 | P16: =SUM(H16) -> 0 | Q16: =SUM(K16) -> 0 | R16: IRA 2 Balance | S16: =SUM(N16/N23) -> #DIV/0! | T16: =SUM(O16/O23) -> #DIV/0! | U16: =SUM(P15/P23) -> #DIV/0! | V16: =SUM(Q16/Q23) -> #DIV/0!
A17: Home (Residence) | B17: 0 | D17: Home (Residence) | E17: 0 | G17: Home (Residence) | H17: 0 | J17: Home (Residence) | K17: 0 | M17: Home (Residence) | N17: =SUM(B17) -> 0 | O17: =SUM(E17) -> 0 | P17: =SUM(H17) -> 0 | Q17: =SUM(K17) -> 0 | R17: Home (Residence) | S17: =SUM(N17/N23) -> #DIV/0! | T17: =SUM(O17/O23) -> #DIV/0! | U17: =SUM(P17/P23) -> #DIV/0! | V17: =SUM(Q17/Q23) -> #DIV/0!
A18: Vehicle 1 | B18: 0 | D18: Vehicle 1 | E18: 0 | G18: Vehicle 1 | H18: 0 | J18: Vehicle 1 | K18: 0 | M18: Vehicle 1 | N18: =SUM(B18) -> 0 | O18: =SUM(E18) -> 0 | P18: =SUM(H18) -> 0 | Q18: =SUM(K18) -> 0 | R18: Vehicle 1 | S18: =SUM(N18/N23) -> #DIV/0! | T18: =SUM(O18/O23) -> #DIV/0! | U18: =SUM(P18/P23) -> #DIV/0! | V18: =SUM(Q18/Q23) -> #DIV/0!
A19: Vehicle 2 | B19: 0 | D19: Vehicle 2 | E19: 0 | G19: Vehicle 2 | H19: 0 | J19: Vehicle 2 | K19: 0 | M19: Vehicle 2 | N19: =SUM(B19) -> 0 | O19: =SUM(E19) -> 0 | P19: =SUM(H19) -> 0 | Q19: =SUM(K19) -> 0 | R19: Vehicle 2 | S19: =SUM(N19/N23) -> #DIV/0! | T19: =SUM(O19/O23) -> #DIV/0! | U19: =SUM(P19/P23) -> #DIV/0! | V19: =SUM(Q19/Q23) -> #DIV/0!
A20: Vehicle 3 | B20: 0 | D20: Vehicle 3 | E20: 0 | G20: Vehicle 3 | H20: 0 | J20: Vehicle 3 | K20: 0 | M20: Vehicle 3 | N20: =SUM(B20) -> 0 | O20: =SUM(E20) -> 0 | P20: =SUM(H20) -> 0 | Q20: =SUM(K20) -> 0 | R20: Vehicle 3 | S20: =SUM(N20/N23) -> #DIV/0! | T20: =SUM(O20/O23) -> #DIV/0! | U20: =SUM(P20/P23) -> #DIV/0! | V20: =SUM(Q20/Q23) -> #DIV/0!
A21: Jewelery | B21: 0 | D21: Jewelery | E21: 0 | G21: Jewelery | H21: 0 | J21: Jewelery | K21: 0 | M21: Jewelery | N21: =SUM(B21) -> 0 | O21: =SUM(E21) -> 0 | P21: =SUM(H21) -> 0 | Q21: =SUM(K21) -> 0 | R21: Jewelery | S21: =SUM(N21/N23) -> #DIV/0! | T21: =SUM(O21/O23) -> #DIV/0! | U21: =SUM(P21/P23) -> #DIV/0! | V21: =SUM(Q21/Q23) -> #DIV/0!
A22: Total Long-Term Assets | B22: =SUM(B13:B21) -> 0 | D22: Total Long-Term Assets | E22: =SUM(E13:E21) -> 0 | G22: Total Long-Term Assets | H22: =SUM(H13:H21) -> 0 | J22: Total Long-Term Assets | K22: =SUM(K13:K21) -> 0 | M22: Total Long-Term Assets | N22: =SUM(B22) -> 0 | O22: =SUM(E22) -> 0 | P22: =SUM(H22) -> 0 | Q22: =SUM(K22) -> 0 | R22: Total Long-Term Assets | S22: =SUM(N22/N23) -> #DIV/0! | T22: =SUM(O22/O23) -> #DIV/0! | U22: =SUM(P22/P23) -> #DIV/0! | V22: =SUM(Q22/Q23) -> #DIV/0!
A23: Total Assets | C23: =SUM(B11+B22) -> 0 | D23: Total Assets | F23: =SUM(E11+E22) -> 0 | G23: Total Assets | I23: =SUM(H11+H22) -> 0 | J23: Total Assets | L23: =SUM(K11+K22) -> 0 | M23: Total Assets | N23: =SUM(C23) -> 0 | O23: =SUM(F23) -> 0 | P23: =SUM(I23) -> 0 | Q23: =SUM(L23) -> 0 | R23: Total Assets | S23: =SUM(N23/N23) -> #DIV/0! | T23: =SUM(O23/O23) -> #DIV/0! | U23: =SUM(P23/P23) -> #DIV/0! | V23: =SUM(Q23/Q23) -> #DIV/0!
A25: Current Liabilities | D25: Current Liabilities | G25: Current Liabilities | J25: Current Liabilities | M25: Current Liabilities | R25: Current Liabilities
A26: Credit Cards | B26: 0 | D26: Credit Cards | E26: 0 | G26: Credit Cards | H26: 0 | J26: Credit Cards | K26: 0 | M26: Credit Cards | N26: =SUM(B26) -> 0 | O26: =SUM(E26) -> 0 | P26: =SUM(H26) -> 0 | Q26: =SUM(K26) -> 0 | R26: Credit Cards | S26: =SUM(N26/N23) -> #DIV/0! | T26: =SUM(O26/O23) -> #DIV/0! | U26: =SUM(P26/P23) -> #DIV/0! | V26: =SUM(Q26/Q23) -> #DIV/0!
A27: Medical | B27: 0 | D27: Medical | E27: 0 | G27: Medical | H27: 0 | J27: Medical | K27: 0 | M27: Medical | N27: =B27 -> 0 | O27: =E27 -> 0 | P27: =H27 -> 0 | Q27: =K27 -> 0 | R27: Medical | S27: =SUM(N27/N23) -> #DIV/0! | T27: =SUM(O27/O23) -> #DIV/0! | U27: =SUM(P27/P23) -> #DIV/0! | V27: =SUM(Q27/Q23) -> #DIV/0!
A28: Education | B28: 0 | D28: Education | E28: 0 | G28: Education | H28: 0 | J28: Education | K28: 0 | M28: Education | N28: =B28 -> 0 | O28: =E28 -> 0 | P28: =H28 -> 0 | Q28: =K28 -> 0 | R28: Education | S28: =SUM(N28/N23) -> #DIV/0! | T28: =SUM(O28/O23) -> #DIV/0! | U28: =SUM(P28/P23) -> #DIV/0! | V28: =SUM(Q28/Q23) -> #DIV/0!
A29: Other | B29: 0 | D29: Other | E29: 0 | G29: Other | H29: 0 | J29: Other | K29: 0 | M29: Other | N29: =B29 -> 0 | O29: =E29 -> 0 | P29: =H29 -> 0 | Q29: =K29 -> 0 | R29: Other | S29: =SUM(N29/N23) -> #DIV/0! | T29: =SUM(O29/O23) -> #DIV/0! | U29: =SUM(P29/P23) -> #DIV/0! | V29: =SUM(Q29/Q23) -> #DIV/0!
A30: Total Current Liabilities | B30: =SUM(B26:B29) -> 0 | D30: Total Current Liabilities | E30: =SUM(E26:E29) -> 0 | G30: Total Current Liabilities | H30: =SUM(H26:H29) -> 0 | J30: Total Current Liabilities | K30: =SUM(K26:K29) -> 0 | M30: Total Current Liabilities | N30: =SUM(B30) -> 0 | O30: =SUM(E30) -> 0 | P30: =SUM(H30) -> 0 | Q30: =SUM(K30) -> 0 | R30: Total Current Liabilities | S30: =SUM(N30/N23) -> #DIV/0! | T30: =SUM(O30/O23) -> #DIV/0! | U30: =SUM(P30/P23) -> #DIV/0! | V30: =SUM(Q30/Q23) -> #DIV/0!
A31: Long-Term Liabilities | D31: Long-Term Liabilities | G31: Long-Term Liabilities | J31: Long-Term Liabilities | M31: Long-Term Liabilities | R31: Long-Term Liabilities
A32: Home | B32: 0 | D32: Home | E32: 0 | G32: Home | H32: 0 | J32: Home | K32: 0 | M32: Home | N32: =SUM(B32) -> 0 | O32: =SUM(E32) -> 0 | P32: =SUM(H32) -> 0 | Q32: =SUM(K32) -> 0 | R32: Home | S32: =SUM(N32/N23) -> #DIV/0! | T32: =SUM(O32/O23) -> #DIV/0! | U32: =SUM(P32/P23) -> #DIV/0! | V32: =SUM(Q32/Q23) -> #DIV/0!
A33: Vehicle 1 | B33: 0 | D33: Vehicle 1 | E33: 0 | G33: Vehicle 1 | H33: 0 | J33: Vehicle 1 | K33: 0 | M33: Vehicle 1 | N33: =SUM(B33) -> 0 | O33: =SUM(E33) -> 0 | P33: =SUM(H33) -> 0 | Q33: =SUM(K33) -> 0 | R33: Vehicle 1 | S33: =SUM(N33/N23) -> #DIV/0! | T33: =SUM(O33/O23) -> #DIV/0! | U33: =SUM(P33/P23) -> #DIV/0! | V33: =SUM(Q33/Q23) -> #DIV/0!
A34: Vehicle 2 | B34: 0 | D34: Vehicle 2 | E34: 0 | G34: Vehicle 2 | H34: 0 | J34: Vehicle 2 | K34: 0 | M34: Vehicle 2 | N34: =B34 -> 0 | O34: =E34 -> 0 | P34: =H34 -> 0 | Q34: =K34 -> 0 | R34: Vehicle 2 | S34: =SUM(N34/N23) -> #DIV/0! | T34: =O34/O23 -> #DIV/0! | U34: =P34/P23 -> #DIV/0! | V34: =Q34/Q23 -> #DIV/0!
A35: Vehicle 3 | B35: 0 | D35: Vehicle 3 | E35: 0 | G35: Vehicle 3 | H35: 0 | J35: Vehicle 3 | K35: 0 | M35: Vehicle 3 | N35: =B35 -> 0 | O35: =E35 -> 0 | P35: =H35 -> 0 | Q35: =K35 -> 0 | R35: Vehicle 3 | S35: =SUM(N35/N23) -> #DIV/0! | T35: =SUM(O35/O23) -> #DIV/0! | U35: =SUM(P35/P23) -> #DIV/0! | V35: =SUM(Q35/Q23) -> #DIV/0!
A36: Other | B36: 0 | D36: Other | E36: 0 | G36: Other | H36: 0 | J36: Other | K36: 0 | M36: Other | N36: =B36 -> 0 | O36: =E36 -> 0 | P36: =H36 -> 0 | Q36: =K36 -> 0 | R36: Other | S36: =SUM(N36/N23) -> #DIV/0! | T36: =SUM(O36/O23) -> #DIV/0! | U36: =SUM(P36/P23) -> #DIV/0! | V36: =SUM(Q36/Q23) -> #DIV/0!
A37: Total Long-Term Liabilities | B37: =SUM(B32:B36) -> 0 | D37: Total Long-Term Liabilities | E37: =SUM(E32:E36) -> 0 | G37: Total Long-Term Liabilities | H37: =SUM(H32:H36) -> 0 | J37: Total Long-Term Liabilities | K37: =SUM(K32:K36) -> 0 | M37: Total Long-Term Liabilities | N37: =SUM(B37) -> 0 | O37: =SUM(E37) -> 0 | P37: =SUM(H37) -> 0 | Q37: =SUM(K37) -> 0 | R37: Total Long-Term Liabilities | S37: =SUM(N37/N23) -> #DIV/0! | T37: =SUM(O37/O23) -> #DIV/0! | U37: =SUM(P37/P23) -> #DIV/0! | V37: =SUM(Q37/Q23) -> #DIV/0!
A38: Total Liabilities | C38: =SUM(B30+B37) -> 0 | D38: Total Liabilities | F38: =SUM(E30+E37) -> 0 | G38: Total Liabilities | I38: =SUM(H30+H37) -> 0 | J38: Total Liabilities | L38: =SUM(K30+K37) -> 0 | M38: Total Liabilities | N38: =SUM(C38) -> 0 | O38: =SUM(F38) -> 0 | P38: =SUM(I38) -> 0 | Q38: =SUM(L38) -> 0 | R38: Total Liabilities | S38: =SUM(N38/N23) -> #DIV/0! | T38: =SUM(O38/O23) -> #DIV/0! | U38: =SUM(P38/P23) -> #DIV/0! | V38: =SUM(Q38/Q23) -> #DIV/0!
A40: Equity | D40: Equity | G40: Equity | J40: Equity | M40: Equity | R40: Equity
A41: Retained Income | B41: ='INCOME STATEMENT'!C26 -> 0 | D41: Retained Income | E41: ='INCOME STATEMENT'!F26 -> 0 | G41: Retained Income | H41: ='INCOME STATEMENT'!I26 -> 0 | J41: Retained Income | K41: ='INCOME STATEMENT'!L26 -> 0 | M41: Retained Earnings | N41: =SUM(B41) -> 0 | O41: =SUM(E41) -> 0 | P41: =SUM(H41) -> 0 | Q41: =SUM(K41) -> 0 | R41: Retained Earnings | S41: =SUM(N41/N23) -> #DIV/0! | T41: =SUM(O41/O23) -> #DIV/0! | U41: =SUM(P41/P23) -> #DIV/0! | V41: =SUM(Q41/Q23) -> #DIV/0!
A42: Original Equity (Estimated) | B42: =C43-B41 -> 0 | D42: Original Equity (Estimated) | E42: =F43-E41 -> 0 | G42: Original Equity (Estimated) | H42: =I43-H41 -> 0 | J42: Original Equity (Estimated) | K42: =L43-K41 -> 0 | M42: Original Equity (Estimated) | N42: =SUM(B42) -> 0 | O42: =SUM(E42) -> 0 | P42: =SUM(H42) -> 0 | Q42: =SUM(K42) -> 0 | R42: Original Equity (Estimated) | S42: =SUM(N42/N23) -> #DIV/0! | T42: =SUM(O42/O23) -> #DIV/0! | U42: =SUM(P42/P23) -> #DIV/0! | V42: =SUM(Q42/Q23) -> #DIV/0!
A43: Total Equity | C43: =SUM(C23-C38) -> 0 | D43: Total Equity | F43: =SUM(F23-F38) -> 0 | G43: Total Equity | I43: =SUM(I23-I38) -> 0 | J43: Total Equity | L43: =SUM(L23-L38) -> 0 | M43: Total Equity | N43: =SUM(C43) -> 0 | O43: =SUM(F43) -> 0 | P43: =SUM(I43) -> 0 | Q43: =SUM(L43) -> 0 | R43: Total Equity | S43: =SUM(N43/N23) -> #DIV/0! | T43: =SUM(O43/O23) -> #DIV/0! | U43: =SUM(P43/P23) -> #DIV/0! | V43: =SUM(Q43/Q23) -> #DIV/0!

Sheet Credit Reports
A1: 2025 Credit Scores
A2: *CreditKarma | B2: Q1 | C2: Q2 | D2: Q3 | E2: Q4
A4: Person 1
A5: TransUnion | B5: 0 | C5: 0 | D5: 0 | E5: 0
A6: Equifax | B6: 0 | C6: 0 | D6: 0 | E6: 0
A7: Person 2
A8: TransUnion | B8: 0 | C8: 0 | D8: 0 | E8: 0
A9: Equifax | B9: 0 | C9: 0 | D9: 0 | E9: 0
